 Dungeon Crawl Stone Soup version 0.30-a0-728-gc68057be0a (webtiles) character file.

Game seed: 12033242670604498952

2880819 b0rk the Slayer (level 26, 155/155 HPs)
             Began as a Vine Stalker Monk on Jan 30, 2023.
             Was a Follower of Uskayaw.
             Escaped with the Orb
             ... and 4 runes on Jan 31, 2023!
             The game lasted 03:21:21 (48871 turns).

b0rk the Slayer (Vine Stalker Monk)                Turns: 48871, Time: 03:21:21

Health: 155/155    AC: 25    Str: 14    XL:     26   Next: 40%
Magic:  50/50      EV: 27    Int: 18    God:    Uskayaw [*.....]
Gold:   4886       SH: 11    Dex: 29    Spells: 38/49 levels left

rFire   . . .      SeeInvis .    b - +6 quick blade of Eternal Night {flame, rF- Will+ Int+8 Stlth+, rare}
rCold   + + +      Faith    .    R - +2 buckler {rC+}
rNeg    + + +      Spirit   +    M - +5 faerie dragon scales {rPois rC+ rN+ Regen+ rCorr MP+10}
rPois   +          Reflect  .    L - +2 helmet
rElec   .          Harm     .    C - scarf {rC+ rF+}
rCorr   +          Rampage  +    W - +2 pair of gloves {infuse}
Will    ++++.                    k - +2 pair of boots {Fly}
Stlth   +++                      q - amulet "Xuphij" {Acrobat Rampage rC+ rN+}
HPRegen 2.05/turn                o - ring "Katual" {rC+ rN+ rCorr}
MPRegen 0.32/turn                Y - +4 ring of slaying

@: flying, studying Long Blades
A: fangs 3, regeneration 1, magic shield, antimagic bite, no potion heal 2,
iridescent scales 1, deformed body, inability to drink after injury 1, noise
suppression
0: Orb of Zot
}: 4/15 runes: serpentine, barnacled, slimy, silver
a: Renounce Religion, Stomp


You escaped.
You worshipped Uskayaw.
Uskayaw was aware of your devotion.
You visited 11 branches of the dungeon, and saw 53 of its levels.
You visited 1 bazaar.
You also visited: Gauntlet and Ice Cave.

You collected 7250 gold pieces.
You spent 2364 gold pieces at shops.


Innate Abilities, Weirdness & Mutations

You have razor-sharp teeth.
Your natural rate of healing is unusually fast.
When hurt, damage is shared between your health and your magic reserves.
Your bite disrupts and absorbs the magic of your enemies.
Potions cannot restore your health.
You are partially covered in iridescent scales. (AC +2)
Armour fits poorly on your strangely shaped body.
You occasionally lose the ability to drink potions when taking damage.
You passively dampen the noise of your surroundings.


   Skills:
 + Level 21.3 Fighting
 - Level 14.1 Short Blades
 - Level 12.0 Throwing
 - Level 17.0 Armour
 - Level 16.0 Dodging
 - Level 13.0 Stealth
 - Level 12.2 Shields
 - Level 12.4 Spellcasting
 - Level 9.4 Translocations
 - Level 5.0 Transmutations
 - Level 11.6 Invocations


You had 38 spell levels left.
You knew the following spells:

 Your Spells              Type           Power      Damage    Failure   Level
b - Blink                 Tloc           90%        N/A       1%          2
m - Manifold Assault      Tloc           45%        N/A       1%          4
t - Teleport Other        Tloc           45%        N/A       1%          3
w - Wereblood             Tmut           29%        N/A       1%          2

Your spell library contained the following spells:

 Spells                   Type           Power      Damage    Failure   Level
 Apportation              Tloc           90%        N/A       1%          1
 Beastly Appendage        Tmut           58%        N/A       1%          1
 Lesser Beckoning         Tloc           90%        N/A       1%          2
 Momentum Strike          Conj/Tloc      56%        3d9       1%          2
 Portal Projectile        Hex/Tloc       56%        N/A       3%          3
 Passwall                 Tmut/Erth      16%        N/A       4%          2
 Kindle Blastsparks       Fire/Tloc/Air  44%        2d13      8%          3
 Foxfire                  Conj/Fire      44%        2x1d6     9%          1
 Freeze                   Ice            44%        1d6       9%          1
 Kiss of Death            Conj/Necr      44%        2d8       9%          1
 Magic Dart               Conj           44%        1d5       9%          1
 Necrotise                Necr           44%        1d6       9%          1
 Sandblast                Erth           22%        2d7       9%          1
 Shock                    Conj/Air       44%        1d5       9%          1
 Slow                     Hex            44%        N/A       9%          1
 Summon Small Mammal      Summ           44%        N/A       9%          1
 Spider Form              Tmut/Pois      20%        N/A       10%         3
 Iskenderun's Mystic Bla  Conj/Tloc      28%        2d7       13%         4
 Cigotuvi's Dreadful Rot  Necr/Pois/Air  22%        N/A       14%         2
 Ensorcelled Hibernation  Hex/Ice        22%        N/A       14%         2
 Searing Ray              Conj           22%        2d5       14%         2
 Sublimation of Blood     Necr           11%        N/A       14%         2
 Confusing Touch          Hex            11%        N/A       26%         3
 Dazzling Flash           Conj/Hex       22%        N/A       26%         3
 Frozen Ramparts          Ice            22%        1d4       26%         3
 Hailstorm                Conj/Ice       11%        3d5       26%         3
 Inner Flame              Hex/Fire       11%        N/A       26%         3
 Mephitic Cloud           Conj/Pois/Air  11%        N/A       26%         3
 Stone Arrow              Conj/Erth      22%        3d8       26%         3
 Summon Guardian Golem    Hex/Summ       11%        N/A       26%         3
 Swiftness                Air            11%        N/A       26%         3
 Tukima's Dance           Hex            11%        N/A       26%         3
 Vampiric Draining        Necr           11%        2d6       26%         3
 Ice Form                 Ice/Tmut       20%        N/A       32%         4
 Petrify                  Tmut/Erth      20%        N/A       32%         4
 Blade Hands              Tmut           14%        N/A       32%         5
 Summon Forest            Summ/Tloc      14%        N/A       34%         5
 Airstrike                Air            5%         2d(1-17)  65%         4
 Anguish                  Hex/Necr       5%         N/A       65%         4
 Animate Dead             Necr           11%        N/A       65%         4
 Cause Fear               Hex            5%         N/A       65%         4
 Dispel Undead            Necr           11%        3d9       65%         4
 Flame Wave               Conj/Fire      11%        2d6       65%         4
 Fulminant Prism          Conj/Hex       5%         3d7       65%         4
 Leda's Liquefaction      Hex/Erth       5%         N/A       65%         4
 Sticky Flame             Conj/Fire      11%        2d3       65%         4
 Summon Ice Beast         Ice/Summ       11%        N/A       65%         4
 Irradiate                Conj/Tmut      10%        3d15      65%         5
 Yara's Violent Unravell  Hex/Tmut       10%        3d6       65%         5
 Agony                    Necr           11%        N/A       94%         5
 Fireball                 Conj/Fire      5%         3d5       94%         5
 Freezing Cloud           Conj/Ice/Air   5%         6-21      94%         5
 Lee's Rapid Deconstruct  Erth           5%         3d6*      94%         5
 Metabolic Englaciation   Hex/Ice        5%         N/A       94%         5
 Silence                  Hex/Air        5%         N/A       94%         5
 Summon Mana Viper        Hex/Summ       11%        N/A       94%         5
 Statue Form              Tmut/Erth      13%        N/A       99%         6
 Conjure Ball Lightning   Conj/Air       5%         3x3d6     100%        6
 Simulacrum               Ice/Necr       5%         N/A       100%        6
 Starburst                Conj/Fire      5%         6d4       100%        6
 Summon Cactus Giant      Summ           5%         N/A       100%        6
 Dragon Form              Tmut           14%        N/A       100%        7
 Enfeeble                 Hex            5%         N/A       100%        7
 Haunt                    Necr/Summ      5%         N/A       100%        7
 Malign Gateway           Summ/Tloc      14%        N/A       100%        7
 Orb of Destruction       Conj           5%         9d5       100%        7
 Spellforged Servitor     Conj/Summ      5%         N/A       100%        7
 Storm Form               Tmut/Air       10%        N/A       100%        7
 Infestation              Necr           5%         N/A       100%        8
 Necromutation            Tmut/Necr      10%        N/A       100%        8
 Chain Lightning          Conj/Air       5%         3d7       100%        9
 Dragon's Call            Summ           5%         N/A       100%        9
 Fire Storm               Conj/Fire      5%         8d2       100%        9
 Polar Vortex             Ice            5%         N/A       100%        9
 Shatter                  Erth           5%         3d8*      100%        9

Inventory:

Hand Weapons
 a - the +7 captain's cutlass {speed, disarm}
   (You found it in a Gauntlet)
 b - the +6 quick blade of Eternal Night (weapon) {flame, rF- Will+ Int+8 Stlth+, rare}
   (You acquired it on level 3 of the Dungeon)

   Int:       It affects your intelligence (+8).
   rF:        It makes you vulnerable to fire.
   Will:      It increases your willpower.
   Stlth:     It makes you more stealthy.
 w - a +9 antimagic quick blade {rare}
   (You subdued it on level 2 of the Elven Halls)
 F - the +6 short sword of Fortitude {distort, Fly rN+ Dex+3}
   (You found it on level 5 of the Vaults)

   Dex:       It affects your dexterity (+3).
   rN:        It protects you from negative energy.
   Fly:       It grants you flight.
Missiles
 e - 5 atropa-tipped darts
 f - 5 boomerangs of dispersal {=f!f}
 u - 5 throwing nets {=f!f}
 y - 5 silver javelins
 D - 23 boomerangs
 P - 12 curare-tipped darts {=f}
 V - 11 javelins (quivered)
Armour
 k - a +2 pair of boots of flying (worn)
   (You found it in a Gauntlet)
 A - the +2 cloak of the Game of Life {+Inv rC+ Will+}
   (You acquired it on level 2 of the Realm of Zot)

   rC:        It protects you from cold.
   +Inv:      It lets you turn invisible.
   Will:      It increases your willpower.
 C - a scarf of resistance (worn)
   (You found it in an ice cave)
 J - the +4 ring mail "Lakiraemm" {rElec Slay+5}
   (You found it on level 2 of the Dungeon)

   Slay:      It affects your accuracy & damage with ranged weapons and melee
   (+5).
   rElec:     It insulates you from electricity.
 L - a +2 helmet (worn)
   (You found it on level 2 of the Shoals)
 M - the +5 faerie dragon scales (worn) {rPois rC+ rN+ Regen+ rCorr MP+10}
   (You took it off the Enchantress on level 4 of the Depths)

   rC:        It protects you from cold.
   rPois:     It protects you from poison.
   rN:        It protects you from negative energy.
   MP:        It affects your magic capacity (+10).
   Regen:     It increases your rate of health regeneration.
   rCorr:     It protects you from acid and corrosion.
 R - a +2 buckler of cold resistance (worn)
   (You took it off a tengu warrior on level 2 of the Depths)
 W - a +2 pair of gloves of infusion (worn)
   (You bought it in a shop on level 1 of the Depths)
Jewellery
 o - the ring "Katual" (left hand) {rC+ rN+ rCorr}
   (You bought it in a shop in a bazaar)

   [ring of resist corrosion]

   rC:        It protects you from cold.
   rN:        It protects you from negative energy.
   rCorr:     It protects you from acid and corrosion.
 q - the amulet "Xuphij" (around neck) {Acrobat Rampage rC+ rN+}
   (You found it on level 3 of the Depths)

   [amulet of the acrobat]

   It increases your evasion while moving and waiting.
   rC:        It protects you from cold.
   rN:        It protects you from negative energy.
   Rampage:   It bestows one free step when moving towards enemies.
 v - the ring "Anew" {Ice rN+ rCorr SInv}
   (You took it off Josephina on level 3 of the Depths)

   [ring of ice]

   It enhances your ice magic.
   rF:        It makes you vulnerable to fire.
   rC:        It protects you from cold.
   rN:        It protects you from negative energy.
   SInv:      It lets you see invisible.
   rCorr:     It protects you from acid and corrosion.
 B - the amulet of Xom's Full Attention {Regen+ Dex+4 Slay+3}
   (You found it on level 3 of the Elven Halls)

   [amulet of regeneration]

   Dex:       It affects your dexterity (+4).
   Slay:      It affects your accuracy & damage with ranged weapons and melee
   (+3).
   Regen:     It increases your rate of health regeneration.
 U - the amulet of Itur {Acrobat -Tele rC+ Dex+6}
   (You found it on level 4 of the Lair of Beasts)

   [amulet of the acrobat]

   It increases your evasion while moving and waiting.
   Dex:       It affects your dexterity (+6).
   rC:        It protects you from cold.
   -Tele:     It prevents most forms of teleportation.
 Y - a +4 ring of slaying (right hand)
   (You found it in a Gauntlet)
Wands
 h - a wand of roots (43)
   (You found it on level 10 of the Dungeon)
 j - a wand of digging (2)
   (You found it on level 3 of the Depths)
 O - a wand of paralysis (25)
   (You found it on level 4 of the Vaults)
 Z - a wand of quicksilver (20)
   (You found it on level 3 of the Lair of Beasts)
Scrolls
 g - 6 scrolls of poison {!r}
 m - 13 scrolls of enchant armour
 n - 6 scrolls of blinking {!r}
 E - 10 scrolls of fear
 G - 13 scrolls of fog
 K - 5 scrolls of magic mapping {!r}
 N - 3 scrolls of silence {!r}
 Q - 4 scrolls of butterflies
 S - 23 scrolls of teleportation {@r4}
Potions
 c - 10 potions of ambrosia
 i - 2 potions of invisibility
 l - 5 potions of cancellation
 p - 10 potions of lignification {!q}
 r - 5 potions of resistance
 s - 18 potions of mutation {!q}
 t - 7 potions of berserk rage {!q}
 x - 3 potions of haste {@q3}
 z - 6 potions of might
 H - 24 potions of curing {@q1}
 I - 15 potions of attraction {!q}
 T - a potion of magic
Miscellaneous
 d - a phantom mirror
   (You found it on level 5 of the Vaults)

Dungeon Overview and Level Annotations

Branches:
Dungeon (15/15)            Temple (1/1) D:7            Lair (5/5) D:9
 Shoals (4/4) Lair:3        Snake (4/4) Lair:3        Slime (5/5) Lair:5
    Orc (2/2) D:10            Elf (3/3) Orc:2        Vaults (5/5) D:14
  Crypt (0/3) Vaults:2     Depths (4/4) D:15            Zot (5/5) Depths:4
  IceCv (visited)         Gauntlet (visited)

Altars:
Ashenzari
Cheibriados
Dithmenos
Elyvilon
Hepliaklqana
Kikubaaqudgha
Nemelex Xobeh
Okawaru
Qazlal
Ru
Sif Muna
Uskayaw
Xom
Yredelemnul
Zin
The Shining One
Jiyva

Shops:
D:3 !   D:13 ::   Orc:1 :!(   Orc:2 [([(   Elf:3 ?*:   Snake:2 (([((
Depths:1 ?**[*

Portals:
Hell: Depths:1 Depths:2 Depths:3
Abyss: Depths:1 Depths:3 Depths:4
Pandemonium: Depths:2 Depths:3
Ziggurat: Depths:2

Annotations:
D:3 1 runed translucent door, Crazy Yiuf
D:8 3 runed translucent doors
Lair:2 2 runed translucent doors, Hubris850's ghost, journeyman HOFi
Snake:1 1 runed translucent door, Zonum's ghost, adept DjGl
Depths:3 Vv

#..### ##... ## ##...#
##.### #.# ###.###.###.
#.##########....## #.
#.........####.#####.
#.#.#####.###..##....
#......##.##.#.......
♣♣♣♣♣♣♣♣♣♣..##.#.##.##.##.
♣♣.....♣#.@♣.##......##.##.
♣♣..........♣.........[.....
♣....♣.♣...♣#######.........
♣.....⌠.....♣.[.............
♣....♣.♣....♣.######........
♣♣.........♣♣.# #........
♣♣.......♣♣#.# #........
####♣♣♣...♣♣♣.#.# #........
#.............#.# #........


There were no monsters in sight!


Message History

There is an open door here.
There is an open door here.
There is an open door here.
A cherub comes into view.
It is wielding a +2 long sword of flaming. 😎 HP[+34] MP[+6]
Your hp is fully restored (155).
You regained 6 mp, and now have 34/50 mp.
You can't go up here!
A seraph and an angel come into view.
The seraph is wielding a +4 great sword of flaming.
The angel is wielding a +3 whip of holy wrath.
The seraph shouts!
The angel shouts!
The cherub's eagle head screeches!
The seraph gestures.
There is a stone staircase leading up here. 😎 MP[+1]
The cherub dissolves into sparkling lights! x2
The seraph shouts a warning to its allies!
The cherub sings a powerful hymn!
The angels go into a battle-frenzy!
The cherub unwields a +1 falchion of flaming.
It stops flaming.
The cherub wields a +0 longbow.
The cherub shoots an arrow.
The arrow hits you but does no damage.
The seraph gestures.
The seraph begins to accept its allies' injuries.
You fly upwards.
There is a stone staircase leading down here.
There is an escape hatch in the ceiling here. 😎 MP[+2]
You regained 2 mp, and now have 37/50 mp.
A mysterious force pulls you upwards.
The hatch slams shut behind you. 😎 MP[+1] 😎 MP[+1]
Aiming: Dig
Press: ? - help, Shift-Dir - straight line A rock wall.
This square is covered in magical glow.
The rock shatters into small pieces.
An ice devil comes into view. 😎 MP[+2]
You regained 2 mp, and now have 41/50 mp.
You barely miss the ice devil. You bite the ice devil! You drain its power.
You feel invigorated. 😎 MP[+8]
You regained 8 mp, and now have 49/50 mp.
You hit the ice devil but do no damage. You bite the ice devil.
You drain its power.
You feel invigorated. 😎 MP[+1]
Your mp is fully restored (50).
You closely miss the ice devil. Your bite misses the ice devil.
You block the ice devil's attack.
You barely miss the ice devil.
You bite the ice devil, but do no damage.
You hit the ice devil but do no damage.
Your bite misses the ice devil. 😎 MP[-1]
You lost 1 mp, and now have 49/50 mp.
You hit the ice devil. You burn the ice devil. You bite the ice devil!
You drain its power.
You feel invigorated. 😎 MP[+1]
Your mp is fully restored (50).
You puncture the ice devil! You burn the ice devil!
You kill the ice devil!
You can now pass through a line of other dancers. 😎 MP[-1]
You lost 1 mp, and now have 49/50 mp. 😎 MP[+1]
Your mp is fully restored (50).
You can no longer pass through a line of other dancers.
There is a stone staircase leading up here.
You fly upwards.
There is a stone staircase leading down here.
There is a stone staircase leading up here.
You fly upwards.
There is a stone staircase leading down here.
There is a stone staircase leading up here.
You fly upwards.
Level annotation: 1 runed translucent door, Crazy Yiuf
There is a stone staircase leading down here.
You see here a +0 mace.
There is a stone staircase leading up here.
You fly upwards.
There is a stone staircase leading down here.
Aiming: Dig
Press: ? - help, Shift-Dir - straight line A rock wall.
This square is covered in magical glow.
The rock shatters into small pieces.
A smoke demon and 3 hellwings come into view.
There is an escape hatch in the ceiling here.
A mysterious force pulls you upwards. The hatch slams shut behind you.
Aiming: Dig
Press: ? - help, Shift-Dir - straight line A rock wall.
This square is covered in magical glow.
The rock shatters into small pieces.
Aiming: Dig
Press: ? - help, Shift-Dir - straight line This square is covered in magical glow.
The rock shatters into small pieces.
There is a staircase leading out of the dungeon here.
You can't go down here!
You have escaped!

Skill      XL: |  1  2  3  4  5  6  7  8  9 10 11 12 13 14 15 16 17 18 19 20 21 22 23 24 25 26 |
---------------+-------------------------------------------------------------------------------+-----
Short Blades   | 3 4 6 7 9 11 12 13 14 | 14.1
Fighting       | 3 4 5 6 7 8 9 10 11 12 13 14 15 16 17 19 20 21 | 21.3
Stealth        | 3 4 5 7 9 12 13 | 13.0
Spellcasting   | 1 2 4 5 6 7 8 9 10 11 12 | 12.4
Invocations    | 5 7 8 9 10 11 | 11.6
Armour         | 3 4 5 7 9 12 14 16 17 | 17.0
Dodging        | 4 5 6 7 10 12 13 14 15 16 | 16.0
Shields        | 3 5 6 12 | 12.2
Throwing       | 3 7 12 | 12.0
Translocations | 2 7 9 |  9.4
Transmutations | 5 |  5.0

Action                     |  1- 3 |  4- 6 |  7- 9 | 10-12 | 13-15 | 16-18 | 19-21 | 22-24 | 25-27 || total
---------------------------+-------+-------+-------+-------+-------+-------+-------+-------+-------++-------
  Melee: Short sword       |   110 |    42 |       |   380 |       |    23 |       |       |       ||   555
         Bite              |    18 |    30 |    52 |   223 |   459 |   603 |   720 |   712 |   419 ||  3236
         Punch             |       |     5 |     4 |    11 |       |       |       |       |       ||    20
         Dagger            |       |    66 |   144 |    59 |       |       |       |       |       ||   269
         Cutlass           |       |       |       |   145 |    79 |   154 |   382 |   430 |    44 ||  1234
         Quick blade       |       |       |       |       |  1012 |  1087 |   921 |   875 |   636 ||  4531
   Fire: Shortbow          |       |       |    53 |     2 |       |       |       |       |       ||    55
  Throw: Stone             |       |     9 |       |       |       |       |       |       |       ||     9
         Dart              |       |     6 |    23 |    22 |     1 |     5 |       |       |       ||    57
         Boomerang         |       |       |       |     4 |       |       |       |       |    15 ||    19
         Javelin           |       |       |       |     2 |    25 |     2 |    12 |    20 |    26 ||    87
   Cast: Manifold Assault  |       |       |       |       |       |       |    17 |     1 |       ||    18
         Wereblood         |       |       |       |       |       |       |       |     1 |       ||     1
 Invoke: Line Pass         |       |       |       |     1 |       |     1 |     1 |       |       ||     3
         Stomp             |       |       |       |     7 |       |       |     2 |       |       ||     9
  Evoke: Wand              |       |       |       |       |     2 |     2 |       |     1 |     7 ||    12
         Lightning rod     |       |       |       |       |     2 |       |       |       |       ||     2
         Phantom mirror    |       |       |       |       |       |       |       |     1 |       ||     1
    Use: Scroll            |       |     1 |       |    21 |     8 |     3 |     1 |    10 |     7 ||    51
         Potion            |       |       |       |     2 |       |       |     5 |       |     3 ||    10
   Stab: Sleeping          |     9 |     2 |     1 |     7 |    48 |    45 |    29 |    54 |    21 ||   216
         Paralysed         |       |       |     1 |    32 |    68 |    93 |   107 |    97 |    40 ||   438
         Confused          |       |       |       |     1 |       |     1 |     2 |       |     3 ||     7
         Distracted        |       |       |       |       |     2 |     6 |     2 |    10 |     1 ||    21
         Invisible         |       |       |       |       |       |       |     3 |       |       ||     3
 Armour: Robe              |    19 |       |       |       |       |       |       |       |       ||    19
         Ring mail         |       |    24 |    42 |    80 |    43 |       |     7 |    70 |       ||   266
         Animal skin       |       |       |       |       |    63 |    77 |    61 |    41 |       ||   242
         Acid dragon scale |       |       |       |       |       |       |       |    11 |   114 ||   125
  Dodge: Dodged            |    59 |    39 |    50 |   175 |   241 |   451 |   452 |   408 |   335 ||  2210
  Block: Other             |       |       |       |    54 |    15 |       |       |       |       ||    69
         Reflection        |       |       |       |     4 |    15 |    37 |    17 |    22 |       ||    95
         Buckler           |       |       |       |       |   167 |   326 |   279 |   228 |   151 ||  1151

Levels and vault maps discovered:
D:1:      amcnicky_arrival_underground_garden, layout_basic,
          chequers_serial_rivers_marsh
D:2:      layout_basic, hellmonk_ecumenical_altar_dog_temple
D:3:      layout_loops_corners, serial_shops, shop, uniq_robin,
          uniq_crazy_yiuf_cottage, uniq_natasha
D:4:      layout_rooms, nicolae_overflow_crystal_walls, corexii_corridor_pit,
          uniq_pikel
D:5:      layout_rooms, gammafunk_temple_overflow_pools
D:6:      layout_loops_cross, nicolae_sif_muna_condensation, zin_academy
D:7:      layout_gridville, nicolae_elyvilon_temple_path,
          nemelex_dance_club_becter, minmay_temple_entry_statues, uniq_joseph
D:8:      layout_gridville, ploomutoo_gammafunk_ghost_potion_laboratory
D:9:      layout_loops_ring, nzn_hepliaklqana_mist_gate,
          due_lair_maze_entry_diamond
D:10:     layout_loops_ring, zombieorc2_lemuel, grunt_ministairs_1
D:11:     layout_gridville, gauntlet_entry_generic, disabler_island
D:12:     layout_rooms
D:13:     layout_irregular_city, serial_shops, nicolae_inconvenience_store, shop
D:14:     layout_cave_pools, david_vaults_4, gammafunk_ghost_grave, uniq_rupert
D:15:     grunt_enter_depths_hoard, layout_irregular_city,
          hangedman_decor_lopped
Temple:   nicolae_temple_great_sept
Lair:1:   layout_chaotic_city, grunt_megastairs_4
Lair:2:   regret_index_bee_streams, layout_gridlike,
          portal_ice_cave_entry_pillars_1, ebering_ghost_disaster_area
Lair:3:   layout_layer_cave, minmay_shoals_entry_hut,
          minmay_snake_entry_guardpost_small, columned_hall_lemuel,
          beast_lair_carwin_4
Lair:4:   gammafunk_worm_tunnel, layout_regular_city,
          ebering_ghost_reflecting_pool
Lair:5:   evilmike_catoblepas_cave, layout_loops_ring, slime_entry_1
Shoals:1: cheibrodos_shoals_baths, layout_shoals
Shoals:2: layout_shoals, ldierk_geyser
Shoals:3: layout_shoals, uniq_roxanne, uniq_ilsuiw
Shoals:4: shoals_end_simple, layout_shoals
Snake:1:  layout_misc_corridors, ebering_ghost_xom, nicolae_snake_boneroom,
          uniq_aizul, uniq_louise
Snake:2:  layout_rooms, serial_shops, nicolae_shop_trees,
          nicolae_shop_bloodbath_and_beyond, nicolae_shop_waterfront,
          nicolae_shop_hallway_plus, nicolae_stop_n_shop_2,
          guppyfry_snake_island, uniq_vashnia
Snake:3:  layout_cave_town, uniq_azrael
Snake:4:  grunt_snake_rune_pools, layout_cave_town, serial_shops,
          bzr_entry_dummy, hangedman_snake_thin_pillar_pass, uniq_mlioglotl,
          uniq_mara
Slime:1:  layout_caves
Slime:2:  layout_caves
Slime:3:  layout_caves, basic_altar, nicolae_slime_rock_hall_of_fame
Slime:4:  layout_caves, nicolae_slime_round_cave
Slime:5
Orc:1:    layout_diamond_mine, serial_shops, nicolae_shop_crystal,
          nicolae_shop_crystal, shop, nicolae_orc_sculptors_studio, uniq_sonja
Orc:2:    st_orc_town, layout_caves, nicolae_orc_rockfall
Elf:1:    layout_geoelf_diagonals, minmay_elf_crystal_hexagon,
          grunt_megastairs_2
Elf:2:    elven_hall_of_blades_hangedman_original [nooodl_blade_entry_preview],
          layout_rooms, basic_altar, serial_sigils_hangedman_carve,
          lemuel_elevator
Elf:3:    grunt_elf_hall_branching, layout_onion_city, serial_shops,
          nicolae_shop_crystal, grunt_ministairs_6, nicolae_nh_oracle_at_delphi,
          minmay_shop_star
Vaults:1: grunt_vaults_hallway_short, v_misc_27,
          vaults_room_grunt_arrival_checkpoint, hangedman_vaults_corner_blocks,
          st_lattice, vaults_standard_mumra_x, vaults_mumra_chevron,
          hangedman_vaults_locks, ontoclasm_vaults_chip, v_misc_23,
          vaults_standard_mumra_lines, ontoclasm_vaults_fault, v_alt_pattern_1,
          nicolae_vaults_little_squares_5, vaults_dpeg_diagonal,
          layout_vaults_omnibox, uniq_saint_roka
Vaults:2: ontoclasm_vaults_decontamination, nicolae_vaults_hallways_thing,
          v_rooms_5, v_misc_16, nicolae_vaults_little_squares_1,
          nicolae_vaults_little_squares_2, nicolae_vaults_network_quinsquares
          [nicolae_vaults_network_quincunx_subvault,
          nicolae_vaults_network_quincunx_subvault,
          nicolae_vaults_network_quincunx_subvault,
          nicolae_vaults_network_quincunx_subvault], ontoclasm_vaults_gateway,
          ontoclasm_vaults_bender, grunt_vaults_hallway_short, v_misc_4,
          nicolae_vaults_shelves_hall, grunt_vaults_bifocal,
          vaults_dpeg_emergency_exit, nicolae_vaults_little_squares_3,
          ontoclasm_vaults_chip, vaults_room_stairs_pillars,
          layout_vaults_omnicross
Vaults:3: v_misc_27, dpeg_vaults_waves, nicolae_vaults_little_squares_3,
          v_alt_pattern_6, nicolae_vaults_alarming, v_misc_27,
          vaults_room_ringed_pool, grunt_vaults_hallway_short,
          ontoclasm_vaults_eye, vaults_dpeg_encased_lava, vaults_dpeg_hooks,
          layout_vaults_big_room, uniq_mennas
Vaults:4: nicolae_vaults_ring_of_whatevers, nicolae_vaults_little_squares_3,
          nicolae_vaults_what_the_h, not_door_vault_due,
          vaults_room_fancy_cross, ontoclasm_vaults_misaligned,
          hangedman_vaults_river_flow, vaults_dpeg_doors, grunt_vaults_focal,
          layout_vaults_maze
Vaults:5
Depths:1: layout_forbidden_donut, serial_shops, nicolae_diamond_shop,
          nicolae_lakefront_shop, abyss_entry, serial_bayou,
          serial_bayou_shore_a, serial_bayou_pond_b, serial_bayou_crossing,
          serial_bayou_shore_b, grunt_metal_band, minmay_door_square,
          guppyfry_shop_blood, minmay_shoptagon
Depths:2: minmay_four_inscribed_fans, layout_cross, enter_ziggurat_e,
          rand_demon_pan_entry_3, hangedman_geh_valley
Depths:3: box_level_dp, pan_entry, abyss_entry, hell_entry, uniq_vv,
          uniq_josephina
Depths:4: grunt_zot_entry_gee_three, layout_gridlike, abyss_entry_crystal,
          corexii_hall_statues_x, grunt_hell_entry_dis_grunt,
          nicolae_elemental_shop, kb_rosetta, uniq_jory, uniq_enchantress
Zot:1:    layout_gridlike, st_stairs_3, grunt_ministairs_6
Zot:2:    layout_misc_corridors
Zot:3:    kennysheep_room_grid, layout_concentric_octagons, lemuel_golem_globe
Zot:4:    kennysheep_blocky_room, layout_gridlike
Zot:5:    layout_misc_corridors, grunt_ministairs_1, st_stairs_1

Notes
Turn   | Place    | Note
-------+----------+-------------------------------------------
     0 | D:1      | b0rk the Vine Stalker Monk began the quest for the Orb.
     0 | D:1      | Reached XP level 1. HP: 11/11 MP: 2/2
     0 | D:1      | magus.rc [v1.11.4]
   120 | D:1      | You pick up a book of Weapons and begin reading...
   120 | D:1      | You add the spells Tukima's Dance, Portal Projectile and
                  | Blade Hands to your library.
   201 | D:1      | Reached XP level 2. HP: 12/16 MP: 3/3
   303 | D:1      | Reached skill level 3 in Short Blades
   910 | D:2      | Reached skill level 3 in Fighting
   910 | D:2      | Reached skill level 3 in Stealth
   910 | D:2      | Reached skill level 1 in Spellcasting
   910 | D:2      | Reached XP level 3. HP: 8/20 MP: 3/5
  1148 | D:2      | Found a faded altar of an unknown god.
  1347 | D:2      | Identified the +4 ring mail "Lakiraemm" {rElec Slay+5}
  1390 | D:2      | Gained mutation: Your natural rate of healing is unusually
                  | fast. [Vine Stalker growth]
  1390 | D:2      | Reached XP level 4. HP: 24/24 MP: 6/6
  2058 | D:3      | Noticed an ice beast
  2068 | D:3      | Killed an ice beast
  2069 | D:3      | Reached skill level 4 in Short Blades
  2069 | D:3      | Reached skill level 2 in Spellcasting
  2069 | D:3      | Reached XP level 5. HP: 20/28 MP: 6/9
  2206 | D:3      | Noticed Robin
  2221 | D:3      | Reached skill level 4 in Stealth
  2225 | D:3      | Killed Robin
  2683 | D:3      | Noticed Natasha
  2697 | D:3      | Killed Natasha
  2698 | D:3      | Reached XP level 6. HP: 32/32 MP: 10/10
  2725 | D:3      | Noticed Natasha
  2737 | D:3      | Killed Natasha
  3026 | D:3      | Found Ykiatt Qafe's Distillery.
  3120 | D:3      | Found a runed translucent door.
  3121 | D:3      | Noticed Crazy Yiuf
  3161 | D:4      | Found an ancient bone altar of Kikubaaqudgha.
  3303 | D:4      | HP: 8/33 [poisoned by a killer bee]
  3306 | D:4      | Reached XP level 7. HP: 8/37 MP: 7/12
  3307 | D:4      | Reached skill level 4 in Fighting
  3307 | D:4      | Reached skill level 5 in Short Blades
  3308 | D:4      | HP: 8/37 [poisoned by a killer bee]
  3440 | D:4      | Reached skill level 3 in Spellcasting
  3444 | D:4      | Reached skill level 5 in Stealth
  3444 | D:4      | Noticed Pikel
  3492 | D:4      | Killed Pikel
  3493 | D:4      | Reached skill level 6 in Short Blades
  3493 | D:4      | Reached skill level 4 in Spellcasting
  3493 | D:4      | Gained mutation: You have razor-sharp teeth. [Vine Stalker
                  | growth]
  3493 | D:4      | Reached XP level 8. HP: 41/42 MP: 15/15
  3855 | D:5      | Entered Level 5 of the Dungeon
  3890 | D:5      | You pick up a book of Flames and begin reading...
  3890 | D:5      | You add the spells Inner Flame, Sticky Flame and Flame Wave
                  | to your library.
  4143 | D:5      | Reached skill level 5 in Fighting
  4287 | D:5      | Found a sacrificial altar of Ru.
  4287 | D:5      | Found a snail-covered altar of Cheibriados.
  4356 | D:5      | Reached skill level 7 in Short Blades
  4659 | D:6      | Reached skill level 5 in Spellcasting
  4659 | D:6      | Reached XP level 9. HP: 47/47 MP: 17/17
  4839 | D:6      | Found a shimmering blue altar of Sif Muna.
  5060 | D:6      | Found a glowing silver altar of Zin.
  5292 | D:7      | Found a sparkling altar of Nemelex Xobeh.
  5301 | D:7      | Reached skill level 8 in Short Blades
  5355 | D:7      | Reached skill level 6 in Fighting
  5411 | D:7      | Found a white marble altar of Elyvilon.
  5704 | D:7      | Reached skill level 6 in Spellcasting
  5742 | D:7      | Noticed Joseph
  5762 | D:7      | Killed Joseph
  5873 | D:7      | Reached skill level 9 in Short Blades
  5894 | D:7      | Found a staircase to the Ecumenical Temple.
  5977 | Temple   | Entered the Ecumenical Temple
  5989 | Temple   | Became a worshipper of Uskayaw the Reveller
  5989 | Temple   | Reached * piety under Uskayaw
  6035 | D:7      | Reached ** piety under Uskayaw
  6045 | D:7      | Reached *** piety under Uskayaw
  6398 | D:8      | Reached XP level 10. HP: 52/53 MP: 20/20
  6409 | D:8      | Reached **** piety under Uskayaw
  6412 | D:8      | Reached ***** piety under Uskayaw
  6440 | D:8      | Found a runed translucent gate.
  6440 | D:8      | Found a runed translucent gate.
  6440 | D:8      | Found a runed translucent gate.
  6442 | D:8      | Noticed a purple ugly thing
  6442 | D:8      | Noticed a cyan ugly thing
  6442 | D:8      | Noticed a green ugly thing
  6443 | D:8      | Noticed a brown ugly thing
  6444 | D:8      | Noticed a cyan ugly thing
  6501 | D:8      | Reached skill level 1 in Invocations
  6604 | D:8      | Reached skill level 1 in Armour
  6902 | D:8      | Reached skill level 2 in Invocations
  7251 | D:9      | Reached skill level 3 in Dodging
  7252 | D:9      | Reached skill level 7 in Fighting
  7252 | D:9      | Reached skill level 3 in Invocations
  7272 | D:9      | Reached skill level 2 in Armour
  7325 | D:9      | Found a staircase to the Lair.
  7334 | D:9      | Reached skill level 4 in Invocations
  7369 | D:9      | Reached ****** piety under Uskayaw
  7387 | D:9      | Reached skill level 5 in Invocations
  7443 | D:9      | Noticed a two-headed ogre
  7458 | D:9      | Killed a two-headed ogre
  7459 | D:9      | Reached skill level 3 in Armour
  7459 | D:9      | Reached skill level 4 in Dodging
  7459 | D:9      | Reached XP level 11. HP: 39/58 MP: 21/21
  7681 | D:9      | Found a hazy altar of Hepliaklqana.
  7886 | D:9      | Reached skill level 6 in Invocations
  8008 | D:9      | Paralysed by a hornet for 3 turns
  8069 | D:10     | Entered Level 10 of the Dungeon
  8251 | D:10     | Reached skill level 8 in Fighting
  8276 | D:10     | You pick up a book of Dreams and begin reading...
  8276 | D:10     | You add the spells Ensorcelled Hibernation, Spider Form and
                  | Anguish to your library.
  8296 | D:10     | You pick up a book of Frost and begin reading...
  8296 | D:10     | You add the spells Freeze, Frozen Ramparts and Hailstorm to
                  | your library.
  8336 | D:10     | Found a staircase to the Orcish Mines.
  8844 | D:10     | Reached skill level 7 in Invocations
  8853 | D:10     | Reached skill level 4 in Armour
  9071 | D:11     | Reached skill level 5 in Dodging
  9075 | D:11     | Found a gate leading to a gauntlet.
  9085 | D:11     | Identified the +5 plate armour of New Discoveries {Will+}
  9112 | Gauntlet | Entered a Gauntlet
  9112 | Gauntlet | Found a transporter.
  9112 | Gauntlet | Found a transporter.
  9116 | Gauntlet | Found a transporter.
  9123 | Gauntlet | Found a transporter.
  9123 | Gauntlet | Noticed a necromancer
  9129 | Gauntlet | Noticed a worldbinder
  9141 | Gauntlet | Found a transporter.
  9144 | Gauntlet | Found a transporter.
  9144 | Gauntlet | Found a transporter.
  9144 | Gauntlet | Noticed a necromancer
  9149 | Gauntlet | Noticed a wizard
  9149 | Gauntlet | Noticed a cacodemon
  9163 | Gauntlet | Found a transporter.
  9167 | Gauntlet | Noticed a moth of wrath
  9189 | Gauntlet | Noticed a wizard
  9190 | Gauntlet | Found a transporter.
  9190 | Gauntlet | Found a transporter.
  9194 | Gauntlet | Found a transporter.
  9233 | Gauntlet | Found the brooch of Shielding {Spirit SH+8}
  9273 | Gauntlet | Found a transporter.
  9341 | Gauntlet | Found a transporter.
  9364 | Gauntlet | Found a transporter.
  9465 | Gauntlet | Found a transporter.
  9482 | Gauntlet | Found a transporter.
  9661 | Gauntlet | Identified the amulet of Lady Luck {Reflect *Corrode rC+
                  | Str+5 SH+5}
  9735 | Gauntlet | Killed a moth of wrath
  9781 | Gauntlet | Gained mutation: You passively dampen the noise of your
                  | surroundings. [a neqoxec]
  9782 | Gauntlet | Gained mutation: You occasionally lose the ability to drink
                  | potions when taking damage. [a neqoxec]
  9787 | Gauntlet | Gained mutation: You are partially covered in iridescent
                  | scales. (AC +2) [a cacodemon]
  9798 | Gauntlet | Killed a cacodemon
  9854 | Gauntlet | Identified the +4 scale mail "Lasaxtikk" {Int+2}
  9854 | Gauntlet | Noticed a minotaur
  9857 | Gauntlet | Found the +7 captain's cutlass {speed, disarm}
  9870 | Gauntlet | HP: 12/60 [minotaur/+0 battleaxe of freezing (16)]
  9872 | Gauntlet | Killed a minotaur
  9879 | Gauntlet | You pick up a book of Misfortune and begin reading...
  9879 | Gauntlet | You add the spells Yara's Violent Unravelling and Enfeeble
                  | to your library.
  9884 | Gauntlet | You add the spells Summon Mana Viper, Malign Gateway and
                  | Dragon's Call to your library.
  9884 | Gauntlet | Got the Encyclopedia of Creation
  9887 | Gauntlet | You add the spells Lesser Beckoning, Kindle Blastsparks and
                  | Teleport Other to your library.
  9887 | Gauntlet | Got the Enchiridion on Superposition
  9976 | D:11     | Reached XP level 12. HP: 65/65 MP: 22/22
 10157 | D:11     | Reached skill level 10 in Short Blades
 10201 | D:11     | Noticed a two-headed ogre
 10206 | D:11     | Killed a two-headed ogre
 10460 | D:11     | Noticed a boulder beetle
 10469 | D:11     | Killed a boulder beetle
 10615 | D:12     | Reached skill level 1 in Shields
 10723 | D:12     | Reached skill level 5 in Armour
 10751 | D:12     | Noticed a boulder beetle
 10767 | D:12     | Killed a boulder beetle
 10768 | D:12     | Reached skill level 8 in Invocations
 10944 | D:12     | Reached skill level 9 in Fighting
 11111 | Orc:1    | Entered Level 1 of the Orcish Mines
 11130 | Orc:1    | Found Ysautie's Distillery.
 11131 | Orc:1    | Found Leiweme's Book Emporium.
 11145 | Orc:1    | Identified a scroll of acquirement
 11184 | Orc:1    | Reached skill level 6 in Dodging
 11184 | Orc:1    | Reached skill level 2 in Shields
 11197 | Orc:1    | Found Voife's Antique Weapon Shoppe.
 11198 | Orc:1    | Noticed Sonja
 11223 | Orc:1    | Killed Sonja
 11527 | Orc:2    | Entered Level 2 of the Orcish Mines
 11549 | Orc:2    | Noticed an orc high priest
 11556 | Orc:2    | Killed an orc high priest
 11562 | Orc:2    | Noticed an orc high priest
 11572 | Orc:2    | Reached skill level 11 in Short Blades
 11585 | Orc:2    | Noticed an orc high priest
 11589 | Orc:2    | Identified a +2 robe of the Archmagi
 11592 | Orc:2    | Noticed a soul eater
 11592 | Orc:2    | Killed an orc high priest
 11593 | Orc:2    | Reached skill level 3 in Shields
 11596 | Orc:2    | Killed an orc high priest
 11599 | Orc:2    | Noticed a two-headed ogre
 11743 | Orc:2    | Killed a two-headed ogre
 11744 | Orc:2    | Reached XP level 13. HP: 70/70 MP: 23/23
 11816 | Orc:2    | Found Nausats's Antique Weapon Shop.
 11824 | Orc:2    | Found Nym Borumn's Antique Armour Emporium.
 11828 | Orc:2    | Reached skill level 6 in Armour
 11858 | Orc:2    | Reached skill level 4 in Shields
 11922 | Orc:2    | Bought a jewelled rapier for 234 gold pieces
 11922 | Orc:2    | Identified the +5 rapier "Wig Himm" {flame, Int+4 Dex+3}
                  | (You bought it in a shop on level 2 of the Orcish Mines)
 11969 | Orc:2    | Found Zesom's Weapon Shop.
 11969 | Orc:2    | Found Eheithrud's Antique Armour Emporium.
 12053 | Orc:2    | Found a staircase to the Elven Halls.
 12563 | Orc:1    | Noticed an orc warlord
 12581 | Orc:1    | Killed an orc warlord
 13023 | D:3      | Bought a potion of might for 48 gold pieces
 13023 | D:3      | Bought a potion of haste for 120 gold pieces
 13023 | D:3      | Acquired the +6 quick blade of Eternal Night {flame, rF-
                  | Will+ Int+8 Stlth+}
 13026 | D:3      | B - the +6 quick blade of Eternal Night {flame, rF- Will+
                  | Int+8 Stlth+, rare}
 13028 | D:3      | B - the +6 quick blade of Eternal Night {flame, rF- Will+
                  | Int+8 Stlth+, rare}
 13028 | D:3      | b - the +6 quick blade of Eternal Night {flame, rF- Will+
                  | Int+8 Stlth+, rare}
 13169 | Lair:1   | Entered Level 1 of the Lair of Beasts
 13170 | Lair:1   | the +6 quick blade of Eternal Night {flame, rF- Will+ Int+8
                  | Stlth+, rare} bursts into flame!
 13170 | Lair:1   | b - the +6 quick blade of Eternal Night (weapon) {flame,
                  | rF- Will+ Int+8 Stlth+, rare}
 13178 | Lair:1   | Reached skill level 7 in Dodging
 13201 | Lair:1   | You pick up a book of Alchemy and begin reading...
 13201 | Lair:1   | You add the spells Sublimation of Blood, Petrify and
                  | Irradiate to your library.
 13258 | Lair:1   | Reached skill level 12 in Short Blades
 13634 | Lair:1   | Identified the +11 short sword of Eternal War {freeze, rC+
                  | Will+ Str+4}
 13978 | Lair:2   | Found a frozen archway.
 13995 | IceCv    | Entered an ice cave
 14219 | IceCv    | Reached skill level 7 in Spellcasting
 14243 | IceCv    | Reached skill level 5 in Shields
 14307 | IceCv    | Found an ancient bone altar of Kikubaaqudgha.
 14336 | IceCv    | Reached skill level 7 in Armour
 14497 | IceCv    | Reached XP level 14. HP: 75/75 MP: 26/26
 14520 | IceCv    | Found the +4 skin of Zhor {*Englaciate rC+++ SInv}
 14539 | IceCv    | You pick up a book of Ice and begin reading...
 14539 | IceCv    | You add the spells Freezing Cloud, Simulacrum and Polar
                  | Vortex to your library.
 14938 | Lair:2   | Reached skill level 8 in Dodging
 15183 | Lair:2   | Reached skill level 6 in Shields
 15374 | Lair:2   | Reached skill level 8 in Spellcasting
 15520 | Lair:2   | Found a large runed translucent door.
 15520 | Lair:2   | Found a large runed translucent door.
 15522 | Lair:2   | Noticed Hubris850's ghost (journeyman HOFi)
 15558 | Lair:2   | Reached skill level 10 in Fighting
 15887 | Lair:3   | You pick up a book of the Tundra and begin reading...
 16045 | Lair:3   | Found a staircase to the Snake Pit.
 16054 | Lair:3   | Reached skill level 6 in Stealth
 16225 | Lair:3   | You pick up a book of Fire and begin reading...
 16225 | Lair:3   | You add the spells Foxfire, Fireball and Starburst to your
                  | library.
 16276 | Lair:3   | Found a staircase to the Shoals.
 16326 | Lair:3   | Reached skill level 9 in Dodging
 16849 | Lair:4   | Found a transporter.
 17115 | Lair:4   | Reached skill level 7 in Stealth
 17288 | Lair:4   | Found a transporter.
 17390 | Lair:4   | HP: 18/77 [swamp worm (9)]
 17396 | Lair:4   | HP: 12/77 [swamp worm/harpoon shot (12)]
 17397 | Lair:4   | HP: 4/77 [swamp worm/harpoon shot (9)]
 17404 | Lair:4   | HP: 7/77 [swamp worm (2)]
 17478 | Lair:4   | Identified the amulet of Itur {Acrobat -Tele rC+ Dex+6}
 17483 | Lair:4   | Identified the +1 pair of boots of the Storm King {Str+3}
 17514 | Lair:4   | Found a runed translucent door.
 17668 | Lair:4   | Noticed NinjaNoafa's ghost (journeyman MeEE)
 17949 | Lair:5   | Entered Level 5 of the Lair of Beasts
 18131 | Lair:5   | Reached skill level 10 in Dodging
 18215 | Lair:5   | Reached XP level 15. HP: 81/81 MP: 28/28
 18219 | Lair:5   | Reached skill level 8 in Stealth
 18251 | Lair:5   | You pick up a book of Weapons and begin reading...
 18275 | Lair:5   | Found a viscous altar of Jiyva.
 18280 | Lair:5   | Found a staircase to the Slime Pits.
 18308 | Lair:5   | You pick up a book of Spectacle and begin reading...
 18308 | Lair:5   | You add the spells Dazzling Flash and Iskenderun's Mystic
                  | Blast to your library.
 18331 | Lair:5   | Reached skill level 11 in Fighting
 18864 | Lair:5   | Reached skill level 9 in Stealth
 18997 | Lair:5   | Reached skill level 11 in Dodging
 19596 | D:13     | Identified a +2 robe of the Archmagi
 19840 | D:13     | Found Deru's Book Shoppe.
 19940 | D:13     | Found Kagi Cask's Book Emporium.
 20249 | D:14     | Acquired 709 gold pieces
 20328 | D:14     | Identified the +3 robe of Summertime {rC+ rN+ MP+9}
 20503 | D:14     | Noticed Rupert
 20526 | D:14     | Killed Rupert
 20735 | D:14     | Found a runed translucent door.
 20736 | D:14     | Noticed Idogg's ghost (journeyman GrFi)
 20906 | D:14     | Found a gate to the Vaults.
 20959 | D:15     | Entered Level 15 of the Dungeon
 21190 | D:15     | Reached skill level 12 in Dodging
 21255 | D:15     | Reached XP level 16. HP: 79/88 MP: 29/29
 21289 | D:15     | Reached skill level 12 in Fighting
 21377 | D:15     | Found a staircase to the Depths.
 21897 | Shoals:1 | Entered Level 1 of the Shoals
 22688 | Shoals:2 | Reached skill level 13 in Short Blades
 22756 | Shoals:2 | the +6 quick blade of Eternal Night {flame, rF- Will+ Int+8
                  | Stlth+, rare} stops flaming.
 22775 | Shoals:2 | the +6 quick blade of Eternal Night {flame, rF- Will+ Int+8
                  | Stlth+, rare} bursts into flame!
 22775 | Shoals:2 | b - the +6 quick blade of Eternal Night (weapon) {flame,
                  | rF- Will+ Int+8 Stlth+, rare}
 23163 | Shoals:3 | Reached skill level 9 in Spellcasting
 23274 | Shoals:3 | Noticed Roxanne
 23315 | Shoals:3 | Reached skill level 13 in Dodging
 23318 | Shoals:3 | the +6 quick blade of Eternal Night {flame, rF- Will+ Int+8
                  | Stlth+, rare} stops flaming.
 23327 | Shoals:3 | the +6 quick blade of Eternal Night {flame, rF- Will+ Int+8
                  | Stlth+, rare} bursts into flame!
 23327 | Shoals:3 | b - the +6 quick blade of Eternal Night (weapon) {flame,
                  | rF- Will+ Int+8 Stlth+, rare}
 23339 | Shoals:3 | Noticed Ilsuiw
 23394 | Shoals:3 | Killed Roxanne
 23396 | Shoals:3 | the +6 quick blade of Eternal Night {flame, rF- Will+ Int+8
                  | Stlth+, rare} stops flaming.
 23405 | Shoals:3 | Killed Ilsuiw
 23408 | Shoals:3 | the +6 quick blade of Eternal Night {flame, rF- Will+ Int+8
                  | Stlth+, rare} bursts into flame!
 23408 | Shoals:3 | b - the +6 quick blade of Eternal Night (weapon) {flame,
                  | rF- Will+ Int+8 Stlth+, rare}
 23421 | Shoals:3 | You pick up a book of the Earth and begin reading...
 23421 | Shoals:3 | You add the spells Leda's Liquefaction, Lee's Rapid
                  | Deconstruction and Statue Form to your library.
 23795 | Shoals:4 | Entered Level 4 of the Shoals
 23886 | Shoals:4 | You pick up a book of Burglary and begin reading...
 23886 | Shoals:4 | You add the spells Passwall and Swiftness to your library.
 23930 | Shoals:4 | Reached skill level 9 in Invocations
 23948 | Shoals:4 | Reached XP level 17. HP: 55/94 MP: 31/31
 23965 | Shoals:4 | Got a barnacled rune of Zot
 24509 | Shoals:4 | Identified the +4 battleaxe of Ynett {distort, Str+2}
 24661 | Snake:1  | Entered Level 1 of the Snake Pit
 24661 | Snake:1  | Noticed Aizul
 24676 | Snake:1  | Reached skill level 13 in Fighting
 24707 | Snake:1  | Killed Aizul
 24743 | Snake:1  | Reached skill level 10 in Spellcasting
 24943 | Snake:1  | Reached skill level 14 in Dodging
 25036 | Snake:1  | Noticed Louise
 25040 | Snake:1  | Killed Louise
 25252 | Snake:1  | Reached skill level 10 in Invocations
 25440 | Snake:1  | Found a shimmering altar of Xom.
 25440 | Snake:1  | Noticed Zonum's ghost (adept DjGl)
 25440 | Snake:1  | Identified the +0 glaive "Killer Klown's Foe" {chaos,
                  | Int+5}
 25441 | Snake:1  | Found a runed translucent door.
 25607 | Snake:2  | Found Galol's Antique Weapon Shoppe.
 25769 | Snake:2  | Noticed Vashnia
 25793 | Snake:1  | HP: 23/95 [poisoned by a black mamba]
 25798 | Snake:1  | HP: 20/95 [poisoned by a black mamba]
 25803 | Snake:1  | HP: 21/95 [poisoned by a black mamba]
 25883 | Snake:2  | Reached XP level 18. HP: 92/100 MP: 33/33
 25906 | Snake:2  | Killed Vashnia
 25907 | Snake:2  | Reached skill level 14 in Short Blades
 26071 | Snake:2  | Found Rumuev's Armour Boutique.
 26134 | Snake:2  | Found Genieg's Weapon Shoppe.
 26141 | Snake:2  | Found Bienegen's Weapon Shop.
 26205 | Snake:2  | Found Wiror's Antique Weapon Shoppe.
 26437 | Snake:3  | the +6 quick blade of Eternal Night {flame, rF- Will+ Int+8
                  | Stlth+, rare} stops flaming.
 26438 | Snake:3  | Noticed Azrael
 26452 | Snake:3  | Killed Azrael
 26456 | Snake:3  | Reached skill level 1 in Throwing
 26468 | Snake:3  | the +6 quick blade of Eternal Night {flame, rF- Will+ Int+8
                  | Stlth+, rare} bursts into flame!
 26468 | Snake:3  | b - the +6 quick blade of Eternal Night (weapon) {flame,
                  | rF- Will+ Int+8 Stlth+, rare}
 26469 | Snake:3  | the +6 quick blade of Eternal Night {flame, rF- Will+ Int+8
                  | Stlth+, rare} stops flaming.
 26489 | Snake:3  | the +6 quick blade of Eternal Night {flame, rF- Will+ Int+8
                  | Stlth+, rare} bursts into flame!
 26489 | Snake:3  | b - the +6 quick blade of Eternal Night (weapon) {flame,
                  | rF- Will+ Int+8 Stlth+, rare}
 26527 | Snake:3  | the +6 quick blade of Eternal Night {flame, rF- Will+ Int+8
                  | Stlth+, rare} stops flaming.
 26541 | Snake:3  | Reached skill level 11 in Spellcasting
 26543 | Snake:3  | the +6 quick blade of Eternal Night {flame, rF- Will+ Int+8
                  | Stlth+, rare} bursts into flame!
 26543 | Snake:3  | b - the +6 quick blade of Eternal Night (weapon) {flame,
                  | rF- Will+ Int+8 Stlth+, rare}
 26594 | Snake:3  | Identified a +0 robe of the Archmagi
 26712 | Snake:3  | the +6 quick blade of Eternal Night {flame, rF- Will+ Int+8
                  | Stlth+, rare} stops flaming.
 26735 | Snake:3  | You pick up a book of Cantrips and begin reading...
 26735 | Snake:3  | You add the spells Necrotise, Summon Small Mammal and
                  | Apportation to your library.
 26888 | Snake:3  | the +6 quick blade of Eternal Night {flame, rF- Will+ Int+8
                  | Stlth+, rare} bursts into flame!
 26888 | Snake:3  | b - the +6 quick blade of Eternal Night (weapon) {flame,
                  | rF- Will+ Int+8 Stlth+, rare}
 26892 | Snake:3  | the +6 quick blade of Eternal Night {flame, rF- Will+ Int+8
                  | Stlth+, rare} stops flaming.
 26903 | Snake:3  | Reached skill level 2 in Throwing
 26954 | Snake:3  | Reached skill level 15 in Dodging
 26969 | Snake:3  | the +6 quick blade of Eternal Night {flame, rF- Will+ Int+8
                  | Stlth+, rare} bursts into flame!
 26969 | Snake:3  | b - the +6 quick blade of Eternal Night (weapon) {flame,
                  | rF- Will+ Int+8 Stlth+, rare}
 27138 | Snake:3  | the +6 quick blade of Eternal Night {flame, rF- Will+ Int+8
                  | Stlth+, rare} stops flaming.
 27479 | Orc:1    | Bought an Inescapable Atlas for 352 gold pieces
 27479 | Orc:1    | You add the spells Blink, Manifold Assault and Storm Form
                  | to your library.
 27482 | Orc:1    | Learned a level 2 spell: Blink
 27487 | Orc:1    | Learned a level 4 spell: Manifold Assault
 27644 | Snake:4  | Entered Level 4 of the Snake Pit
 27662 | Snake:4  | Noticed Mlioglotl
 27674 | Snake:4  | Found a flickering gateway to a bazaar.
 27682 | Snake:4  | Reached skill level 11 in Invocations
 27693 | Snake:4  | the +6 quick blade of Eternal Night {flame, rF- Will+ Int+8
                  | Stlth+, rare} bursts into flame!
 27693 | Snake:4  | b - the +6 quick blade of Eternal Night (weapon) {flame,
                  | rF- Will+ Int+8 Stlth+, rare}
 27708 | Snake:4  | Killed Mlioglotl
 27709 | Snake:4  | Reached skill level 1 in Translocations
 27759 | Bazaar   | Entered a bazaar
 27759 | Bazaar   | Found Feshrew's Weapon Shoppe.
 27759 | Bazaar   | Found Ucugguw's Distillery.
 27759 | Bazaar   | Found Fidil's Jewellery Emporium.
 27759 | Bazaar   | Found Pakhliss's Jewellery Emporium.
 27759 | Bazaar   | Found Ocyrer Axugg's Weapon Shoppe.
 27777 | Bazaar   | Bought the ring "Katual" {rC+ rN+ rCorr} for 382 gold
                  | pieces
 27777 | Bazaar   | Bought a ring of see invisible for 150 gold pieces
 27779 | Bazaar   | Bought a potion of mutation for 104 gold pieces
 27779 | Bazaar   | Bought a potion of mutation for 104 gold pieces
 27797 | Bazaar   | Bought a +6 ring of dexterity for 360 gold pieces
 27833 | Snake:4  | Noticed Mara
 27840 | Snake:4  | Noticed b0rk's illusion
 27863 | Snake:4  | HP: 12/101 [Mara/bolt of fire (26)]
 27987 | Snake:4  | Noticed b0rk's illusion
 27987 | Snake:4  | the +6 quick blade of Eternal Night {flame, rF- Will+ Int+8
                  | Stlth+, rare} stops flaming.
 28009 | Snake:3  | Killed Mara
 28010 | Snake:3  | Reached skill level 3 in Throwing
 28050 | Snake:4  | the +6 quick blade of Eternal Night {flame, rF- Will+ Int+8
                  | Stlth+, rare} bursts into flame!
 28050 | Snake:4  | b - the +6 quick blade of Eternal Night (weapon) {flame,
                  | rF- Will+ Int+8 Stlth+, rare}
 28114 | Snake:4  | Reached skill level 2 in Translocations
 28170 | Snake:4  | Reached skill level 14 in Fighting
 28600 | Snake:4  | Reached XP level 19. HP: 102/106 MP: 35/35
 28664 | Snake:4  | Reached skill level 3 in Translocations
 28719 | Snake:4  | Reached skill level 4 in Throwing
 28746 | Snake:4  | the +6 quick blade of Eternal Night {flame, rF- Will+ Int+8
                  | Stlth+, rare} stops flaming.
 28786 | Snake:4  | HP: 26/106 [poisoned by a sea snake]
 28792 | Snake:4  | HP: 19/106 [sea snake (6)]
 28800 | Snake:4  | the +6 quick blade of Eternal Night {flame, rF- Will+ Int+8
                  | Stlth+, rare} bursts into flame!
 28800 | Snake:4  | b - the +6 quick blade of Eternal Night (weapon) {flame,
                  | rF- Will+ Int+8 Stlth+, rare}
 28925 | Snake:4  | Got a serpentine rune of Zot
 28955 | Snake:4  | Reached skill level 12 in Spellcasting
 28955 | Snake:4  | Reached skill level 4 in Translocations
 29501 | Vaults:1 | Entered Level 1 of the Vaults
 29590 | Vaults:1 | Reached skill level 16 in Dodging
 29605 | Vaults:1 | Reached skill level 5 in Throwing
 29640 | Vaults:1 | Reached skill level 5 in Translocations
 29803 | Vaults:1 | Noticed Saint Roka
 29820 | Vaults:1 | the +6 quick blade of Eternal Night {flame, rF- Will+ Int+8
                  | Stlth+, rare} stops flaming.
 29825 | Vaults:1 | Killed Saint Roka
 29826 | Vaults:1 | Reached skill level 6 in Throwing
 29829 | Vaults:1 | the +6 quick blade of Eternal Night {flame, rF- Will+ Int+8
                  | Stlth+, rare} bursts into flame!
 29829 | Vaults:1 | b - the +6 quick blade of Eternal Night (weapon) {flame,
                  | rF- Will+ Int+8 Stlth+, rare}
 29945 | Vaults:1 | Reached skill level 6 in Translocations
 30331 | Vaults:1 | Reached skill level 7 in Translocations
 30336 | Vaults:1 | Reached skill level 7 in Throwing
 30608 | Vaults:1 | Reached XP level 20. HP: 111/111 MP: 37/37
 30811 | Vaults:2 | You are sucked into a shaft and drop 2 floors!
 30852 | Vaults:4 | Reached skill level 8 in Translocations
 30936 | Vaults:4 | Found a huge runed gate.
 30936 | Vaults:4 | Found a huge runed gate.
 30936 | Vaults:4 | Found a huge runed gate.
 30936 | Vaults:4 | Found a huge runed gate.
 30936 | Vaults:4 | Found a huge runed gate.
 30937 | Vaults:4 | Found a huge runed gate.
 30937 | Vaults:4 | Found a huge runed gate.
 30937 | Vaults:4 | Found a huge runed gate.
 30937 | Vaults:4 | Found a huge runed gate.
 30940 | Vaults:4 | Found a huge runed gate.
 30940 | Vaults:4 | Found a huge runed gate.
 30940 | Vaults:4 | Found a huge runed gate.
 30940 | Vaults:4 | Found a huge runed gate.
 30940 | Vaults:4 | Found a huge runed gate.
 30941 | Vaults:4 | Found a huge runed gate.
 30942 | Vaults:4 | Found a huge runed gate.
 30943 | Vaults:4 | Found a huge runed gate.
 30944 | Vaults:4 | Found a huge runed gate.
 30959 | Vaults:4 | Reached skill level 8 in Throwing
 31000 | Vaults:4 | the +6 quick blade of Eternal Night {flame, rF- Will+ Int+8
                  | Stlth+, rare} stops flaming.
 31032 | Vaults:4 | Reached skill level 9 in Throwing
 31129 | Vaults:4 | Noticed a hellephant
 31129 | Vaults:4 | Noticed a hellephant
 31165 | Vaults:4 | Killed a hellephant
 31195 | Vaults:4 | Killed a hellephant
 31206 | Vaults:4 | Reached skill level 10 in Throwing
 31476 | Vaults:4 | magus.rc [v1.11.4]
 31491 | Vaults:4 | the +6 quick blade of Eternal Night {flame, rF- Will+ Int+8
                  | Stlth+, rare} bursts into flame!
 31491 | Vaults:4 | b - the +6 quick blade of Eternal Night (weapon) {flame,
                  | rF- Will+ Int+8 Stlth+, rare}
 32267 | Vaults:3 | Reached skill level 11 in Throwing
 32311 | Vaults:3 | the +6 quick blade of Eternal Night {flame, rF- Will+ Int+8
                  | Stlth+, rare} stops flaming.
 32345 | Vaults:3 | the +6 quick blade of Eternal Night {flame, rF- Will+ Int+8
                  | Stlth+, rare} bursts into flame!
 32345 | Vaults:3 | b - the +6 quick blade of Eternal Night (weapon) {flame,
                  | rF- Will+ Int+8 Stlth+, rare}
 32350 | Vaults:3 | the +6 quick blade of Eternal Night {flame, rF- Will+ Int+8
                  | Stlth+, rare} stops flaming.
 32352 | Vaults:3 | the +6 quick blade of Eternal Night {flame, rF- Will+ Int+8
                  | Stlth+, rare} bursts into flame!
 32352 | Vaults:3 | b - the +6 quick blade of Eternal Night (weapon) {flame,
                  | rF- Will+ Int+8 Stlth+, rare}
 32586 | Vaults:2 | Found a staircase to the Crypt.
 32781 | Vaults:2 | the +6 quick blade of Eternal Night {flame, rF- Will+ Int+8
                  | Stlth+, rare} stops flaming.
 32826 | Vaults:2 | the +6 quick blade of Eternal Night {flame, rF- Will+ Int+8
                  | Stlth+, rare} bursts into flame!
 32826 | Vaults:2 | b - the +6 quick blade of Eternal Night (weapon) {flame,
                  | rF- Will+ Int+8 Stlth+, rare}
 32886 | Vaults:2 | the +6 quick blade of Eternal Night {flame, rF- Will+ Int+8
                  | Stlth+, rare} stops flaming.
 32899 | Vaults:2 | Reached skill level 12 in Throwing
 33061 | Vaults:2 | HP: 26/111 [poisoned by a green very ugly thing]
 33064 | Vaults:2 | HP: 12/111 [poisoned by a green very ugly thing]
 33069 | Vaults:2 | HP: 6/111 [poisoned by a green very ugly thing]
 33074 | Vaults:2 | HP: 6/111 [poisoned by a green very ugly thing]
 33543 | Vaults:2 | the +6 quick blade of Eternal Night {flame, rF- Will+ Int+8
                  | Stlth+, rare} bursts into flame!
 33543 | Vaults:2 | b - the +6 quick blade of Eternal Night (weapon) {flame,
                  | rF- Will+ Int+8 Stlth+, rare}
 33752 | Vaults:3 | You pick up a book of Rime and begin reading...
 33768 | Vaults:3 | You pick up a book of Touch and begin reading...
 33768 | Vaults:3 | You add the spells Kiss of Death, Confusing Touch and
                  | Dispel Undead to your library.
 33906 | Vaults:3 | Noticed Mennas
 33922 | Vaults:3 | the +6 quick blade of Eternal Night {flame, rF- Will+ Int+8
                  | Stlth+, rare} stops flaming.
 33929 | Vaults:3 | Killed Mennas
 33933 | Vaults:3 | Reached skill level 9 in Translocations
 33936 | Vaults:3 | the +6 quick blade of Eternal Night {flame, rF- Will+ Int+8
                  | Stlth+, rare} bursts into flame!
 33936 | Vaults:3 | b - the +6 quick blade of Eternal Night (weapon) {flame,
                  | rF- Will+ Int+8 Stlth+, rare}
 34238 | Vaults:3 | Reached XP level 21. HP: 113/115 MP: 38/38
 34342 | Vaults:3 | Reached skill level 10 in Stealth
 34561 | Vaults:4 | magus.rc [v1.11.4]
 34566 | Vaults:4 | the +6 quick blade of Eternal Night {flame, rF- Will+ Int+8
                  | Stlth+, rare} stops flaming.
 34569 | Vaults:5 | Entered Level 5 of the Vaults
 34585 | Vaults:5 | Noticed a golden dragon
 34633 | Vaults:5 | Killed a golden dragon
 34634 | Vaults:5 | Reached skill level 8 in Armour
 34818 | Vaults:5 | Reached skill level 11 in Stealth
 34959 | Vaults:5 | the +6 quick blade of Eternal Night {flame, rF- Will+ Int+8
                  | Stlth+, rare} bursts into flame!
 34959 | Vaults:5 | b - the +6 quick blade of Eternal Night (weapon) {flame,
                  | rF- Will+ Int+8 Stlth+, rare}
 34970 | Vaults:5 | +0 shadow dragon scales {rare}; a shadow dragon corpse
 35052 | Vaults:5 | Identified the amulet "Monno" {Reflect Regen+ SH+5}
 35145 | Vaults:5 | Noticed a golden dragon
 35160 | Vaults:5 | HP: 28/116 [poisoned by a golden dragon (poison gas)]
 35167 | Vaults:5 | HP: 25/116 [golden dragon (6)]
 35168 | Vaults:5 | Killed a golden dragon
 35168 | Vaults:5 | Identified +0 gold dragon scales
 35228 | Vaults:5 | Identified the +12 sling of Corporal Punishment {speed,
                  | Will- Str+8 Dex+3}
 35282 | Vaults:5 | Reached skill level 9 in Armour
 35405 | Vaults:5 | Reached skill level 15 in Fighting
 35409 | Vaults:5 | Identified the +6 short sword of Fortitude {distort, Fly
                  | rN+ Dex+3}
 35423 | Vaults:5 | You add the spells Cigotuvi's Dreadful Rot, Animate Dead
                  | and Necromutation to your library.
 35423 | Vaults:5 | Got the Grimoire of Wanderlust and Darkness
 35425 | Vaults:5 | Got Zonguldrok's Spellbook of Unholy Acts
 35428 | Vaults:5 | Identified the +5 chain mail of Ycahac {Rampage rElec}
 35494 | Vaults:5 | Reached skill level 12 in Stealth
 35519 | Vaults:5 | Identified the +8 quarterstaff of Cataclysm {heavy, rElec}
 35529 | Vaults:5 | Noticed a dread lich
 35555 | Vaults:5 | Killed a dread lich
 35600 | Vaults:5 | Reached XP level 22. HP: 117/122 MP: 39/39
 35630 | Vaults:5 | Reached skill level 10 in Armour
 35663 | Vaults:5 | Got a silver rune of Zot
 35701 | Vaults:5 | Identified the +5 shortbow "Pioh" {flame, rElec}
 35730 | Vaults:5 | Identified the +5 battleaxe of Exhibitionism {freeze,
                  | Fragile rElec Dex+5 Stlth+}
 35757 | Vaults:5 | Identified the +4 crystal plate armour "Subbas" {rF+ rN+
                  | Int-4}
 35766 | Vaults:5 | y - the +4 crystal plate armour "Subbas" {rF+ rN+ Int-4,
                  | rare}
 35772 | Vaults:5 | You finish putting on the +4 crystal plate armour "Subbas"
                  | {rF+ rN+ Int-4, rare}.
 35805 | Vaults:5 | You finish taking off the +4 crystal plate armour "Subbas"
                  | {rF+ rN+ Int-4, rare}.
 35805 | Vaults:5 | You drop the +4 crystal plate armour "Subbas" {rF+ rN+
                  | Int-4, rare}.
 35990 | Vaults:5 | You pick up a book of Debilitation and begin reading...
 35990 | Vaults:5 | You add the spells Slow and Vampiric Draining to your
                  | library.
 36290 | Elf:1    | Entered Level 1 of the Elven Halls
 36362 | Elf:1    | the +6 quick blade of Eternal Night {flame, rF- Will+ Int+8
                  | Stlth+, rare} stops flaming.
 36402 | Elf:1    | Reached skill level 13 in Stealth
 36431 | Elf:1    | Paralysed by an air elemental for 1 turns
 36917 | Elf:1    | Reached skill level 11 in Armour
 37095 | Elf:2    | the +6 quick blade of Eternal Night {flame, rF- Will+ Int+8
                  | Stlth+, rare} bursts into flame!
 37095 | Elf:2    | b - the +6 quick blade of Eternal Night (weapon) {flame,
                  | rF- Will+ Int+8 Stlth+, rare}
 37174 | Elf:2    | Found a shimmering blue altar of Sif Muna.
 37540 | Elf:2    | Found a runed translucent gate.
 37540 | Elf:2    | Found a runed translucent gate.
 37540 | Elf:2    | Found a runed translucent gate.
 37685 | Elf:2    | Reached skill level 12 in Armour
 37695 | Elf:2    | Reached skill level 16 in Fighting
 37715 | Elf:2    | K - a +2 antimagic quick blade {rare}
 37950 | Elf:3    | Entered Level 3 of the Elven Halls
 38139 | Elf:3    | Found Ere Udwe's Assorted Antiques.
 38323 | Elf:3    | the +6 quick blade of Eternal Night {flame, rF- Will+ Int+8
                  | Stlth+, rare} stops flaming.
 38420 | Elf:3    | Reached XP level 23. HP: 87/129 MP: 40/40
 38424 | Elf:3    | Reached skill level 13 in Armour
 38455 | Elf:3    | Identified the +1 battleaxe "Pendulum" {pain, *Noise rPois
                  | Int+3 Dex+6}
 38500 | Elf:3    | Identified the ring "Ifory" {rElec rF+ rC++ MP+9 Dex-5}
 38518 | Elf:3    | the +6 quick blade of Eternal Night {flame, rF- Will+ Int+8
                  | Stlth+, rare} bursts into flame!
 38518 | Elf:3    | b - the +6 quick blade of Eternal Night (weapon) {flame,
                  | rF- Will+ Int+8 Stlth+, rare}
 38573 | Elf:3    | You pick up a book of Alchemy and begin reading...
 38611 | Elf:3    | You pick up a book of Weapons and begin reading...
 38667 | Elf:3    | Identified +0 pearl dragon scales
 38689 | Elf:3    | Identified the amulet of Xom's Full Attention {Regen+ Dex+4
                  | Slay+3}
 38739 | Elf:3    | Identified the +8 flail "Badamiu" {heavy, Will++}
 38742 | Elf:3    | the +6 quick blade of Eternal Night {flame, rF- Will+ Int+8
                  | Stlth+, rare} stops flaming.
 38744 | Elf:3    | Identified the +7 falchion "Vyacw" {elec, Fly rPois Dex+3}
 38769 | Elf:3    | You pick up a book of Dangerous Friends and begin
                  | reading...
 38769 | Elf:3    | You add the spells Summon Guardian Golem, Orb of
                  | Destruction and Spellforged Servitor to your library.
 38855 | Elf:3    | Found Anegimog's Book Shop.
 38996 | Elf:3    | You pick up a book of the Wilderness and begin reading...
 38996 | Elf:3    | You add the spells Summon Forest and Summon Cactus Giant to
                  | your library.
 39016 | Elf:3    | You pick up a book of Maledictions and begin reading...
 39157 | Elf:3    | the +6 quick blade of Eternal Night {flame, rF- Will+ Int+8
                  | Stlth+, rare} bursts into flame!
 39157 | Elf:3    | b - the +6 quick blade of Eternal Night (weapon) {flame,
                  | rF- Will+ Int+8 Stlth+, rare}
 39218 | Elf:3    | Found The Oracle's Delphic Readings.
 39230 | Elf:3    | You pick up a book of the Dragon and begin reading...
 39230 | Elf:3    | You add the spells Cause Fear and Dragon Form to your
                  | library.
 39236 | Elf:3    | You pick up a book of the Wilderness and begin reading...
 39241 | Elf:3    | You pick up a book of Air and begin reading...
 39241 | Elf:3    | You add the spells Shock and Airstrike to your library.
 39260 | Elf:3    | Learned a level 3 spell: Teleport Other
 39503 | Depths:1 | Entered Level 1 of the Depths
 39517 | Depths:1 | Found Ciagam's Magic Scroll Boutique.
 39637 | D:11     | your +2 antimagic quick blade {rare} glows red for a
                  | moment.
 39638 | D:11     | your +3 antimagic quick blade {rare} glows red for a
                  | moment.
 39639 | D:11     | your +4 antimagic quick blade {rare} glows red for a
                  | moment.
 39640 | D:11     | your +5 antimagic quick blade {rare} glows red for a
                  | moment.
 39699 | D:14     | your +6 antimagic quick blade {rare} glows red for a
                  | moment.
 39700 | D:14     | your +7 antimagic quick blade {rare} glows red for a
                  | moment.
 39701 | D:14     | your +8 antimagic quick blade {rare} glows red for a
                  | moment.
 39742 | Depths:1 | K - a +9 antimagic quick blade {rare}
 39742 | Depths:1 | w - a +9 antimagic quick blade {rare}
 39775 | Depths:1 | Found Idyw's Antique Armour Shoppe.
 39775 | Depths:1 | Found Ybafuc's General Store.
 39801 | Depths:1 | Bought a pair of runed gloves for 255 gold pieces
 39801 | Depths:1 | Bought a runed cloak for 255 gold pieces
 39838 | Depths:1 | Found a gateway to Hell.
 39861 | Depths:1 | the +6 quick blade of Eternal Night {flame, rF- Will+ Int+8
                  | Stlth+, rare} stops flaming.
 39899 | Depths:1 | Reached skill level 14 in Armour
 39933 | Depths:1 | Found Elujor's Assorted Antiques.
 40069 | Depths:1 | Found Wuynu's Blood Bar.
 40070 | Depths:1 | w - a +9 antimagic quick blade (weapon) {rare}
 40440 | Depths:1 | Found a one-way gate to the infinite horrors of the Abyss.
 40518 | Depths:2 | You pick up a book of Changes and begin reading...
 40518 | Depths:2 | You add the spells Beastly Appendage and Wereblood to your
                  | library.
 40522 | Depths:2 | Learned a level 2 spell: Wereblood
 40522 | Depths:2 | Noticed a golden dragon
 40529 | Depths:2 | w - a +9 antimagic quick blade (weapon) {rare}
 40534 | Depths:2 | Killed a golden dragon
 40534 | Depths:2 | Identified +0 gold dragon scales
 40535 | Depths:2 | Reached skill level 1 in Transmutations
 40536 | Depths:2 | +0 gold dragon scales {rare}; a golden dragon corpse
 40539 | Depths:2 | quicksilver dragon scales {rare}; a quicksilver dragon
                  | corpse
 40545 | Depths:2 | +0 gold dragon scales {rare}; a golden dragon corpse
 40549 | Depths:2 | +0 gold dragon scales {rare}; a golden dragon corpse
 40558 | Depths:2 | quicksilver dragon scales {rare}; a quicksilver dragon
                  | corpse
 40566 | Depths:2 | You pick up a book of Cantrips and begin reading...
 40593 | Depths:2 | the +6 quick blade of Eternal Night {flame, rF- Will+ Int+8
                  | Stlth+, rare} bursts into flame!
 40593 | Depths:2 | b - the +6 quick blade of Eternal Night (weapon) {flame,
                  | rF- Will+ Int+8 Stlth+, rare}
 40602 | Depths:2 | Reached skill level 2 in Transmutations
 40625 | Depths:2 | Reached skill level 17 in Fighting
 40631 | Depths:2 | Reached skill level 3 in Transmutations
 40672 | Depths:2 | Noticed a caustic shrike
 40678 | Depths:2 | Killed a caustic shrike
 40748 | Depths:2 | Reached skill level 4 in Transmutations
 40773 | Depths:2 | Identified the +1 robe of Joakh {rElec Will+ Str+2
                  | Archmagi}
 40804 | Depths:2 | Identified the +1 scale mail of Going Fast {Fly rC+}
 40937 | Depths:2 | quicksilver dragon scales {rare}; a quicksilver dragon
                  | skeleton
 40938 | Depths:2 | +0 gold dragon scales {rare}; a golden dragon skeleton
 40960 | Depths:2 | the +6 quick blade of Eternal Night {flame, rF- Will+ Int+8
                  | Stlth+, rare} stops flaming.
 40960 | Depths:2 | w - a +9 antimagic quick blade (weapon) {rare}
 40970 | Depths:2 | the +6 quick blade of Eternal Night {flame, rF- Will+ Int+8
                  | Stlth+, rare} bursts into flame!
 40970 | Depths:2 | b - the +6 quick blade of Eternal Night (weapon) {flame,
                  | rF- Will+ Int+8 Stlth+, rare}
 41035 | Depths:2 | the +6 quick blade of Eternal Night {flame, rF- Will+ Int+8
                  | Stlth+, rare} stops flaming.
 41035 | Depths:2 | w - a +9 antimagic quick blade (weapon) {rare}
 41046 | Depths:2 | Reached skill level 5 in Transmutations
 41091 | Depths:2 | the +6 quick blade of Eternal Night {flame, rF- Will+ Int+8
                  | Stlth+, rare} bursts into flame!
 41091 | Depths:2 | b - the +6 quick blade of Eternal Night (weapon) {flame,
                  | rF- Will+ Int+8 Stlth+, rare}
 41094 | Depths:2 | Found a one-way gate leading to the halls of Pandemonium.
 41178 | Depths:2 | the +6 quick blade of Eternal Night {flame, rF- Will+ Int+8
                  | Stlth+, rare} stops flaming.
 41178 | Depths:2 | w - a +9 antimagic quick blade (weapon) {rare}
 41198 | Depths:2 | the +6 quick blade of Eternal Night {flame, rF- Will+ Int+8
                  | Stlth+, rare} bursts into flame!
 41198 | Depths:2 | b - the +6 quick blade of Eternal Night (weapon) {flame,
                  | rF- Will+ Int+8 Stlth+, rare}
 41201 | Depths:2 | Identified the +1 leather armour of Wariness {Dex+5}
 41222 | Depths:2 | Found a one-way gateway to a ziggurat.
 41483 | Depths:2 | You pick up a book of Conjurations and begin reading...
 41483 | Depths:2 | You add the spells Magic Dart, Searing Ray and Fulminant
                  | Prism to your library.
 41606 | Depths:2 | Got Cirowy's Guidebook on the Mortuary
 41869 | Depths:3 | You pick up a book of the Senses and begin reading...
 41869 | Depths:3 | You add the spells Agony and Silence to your library.
 41914 | Depths:3 | Identified the +5 flail of Corruption {heavy, rPois rC-
                  | SInv Stlth+}
 41937 | Depths:3 | Identified the ring "Anew" {Ice rN+ rCorr SInv}
 41937 | Depths:3 | Noticed Josephina
 41954 | Depths:3 | Killed Josephina
 41976 | Depths:3 | the +6 quick blade of Eternal Night {flame, rF- Will+ Int+8
                  | Stlth+, rare} stops flaming.
 41976 | Depths:3 | w - a +9 antimagic quick blade (weapon) {rare}
 41981 | Depths:3 | the +6 quick blade of Eternal Night {flame, rF- Will+ Int+8
                  | Stlth+, rare} bursts into flame!
 41981 | Depths:3 | b - the +6 quick blade of Eternal Night (weapon) {flame,
                  | rF- Will+ Int+8 Stlth+, rare}
 42288 | Depths:3 | Reached XP level 24. HP: 134/137 MP: 39/40
 42488 | Depths:3 | Reached skill level 15 in Armour
 42576 | Depths:3 | Noticed a caustic shrike
 42583 | Depths:3 | Killed a caustic shrike
 42627 | Depths:3 | Reached skill level 18 in Fighting
 42681 | Depths:3 | Noticed a caustic shrike
 42691 | Depths:3 | Killed a caustic shrike
 42695 | Depths:3 | Noticed Vv
 42829 | Depths:3 | You pick up a book of Annihilations and begin reading...
 42829 | Depths:3 | You add the spells Chain Lightning, Fire Storm and Shatter
                  | to your library.
 42933 | Depths:3 | the +6 quick blade of Eternal Night {flame, rF- Will+ Int+8
                  | Stlth+, rare} stops flaming.
 43254 | D:14     | Killed Idogg's ghost
 43435 | Lair:4   | the +6 quick blade of Eternal Night {flame, rF- Will+ Int+8
                  | Stlth+, rare} bursts into flame!
 43435 | Lair:4   | b - the +6 quick blade of Eternal Night (weapon) {flame,
                  | rF- Will+ Int+8 Stlth+, rare}
 43438 | Lair:4   | Killed NinjaNoafa's ghost
 43958 | Depths:3 | the +6 quick blade of Eternal Night {flame, rF- Will+ Int+8
                  | Stlth+, rare} stops flaming.
 43958 | Depths:3 | w - a +9 antimagic quick blade (weapon) {rare}
 43988 | Depths:3 | a +2 quick blade of protection {rare}; a +0 robe; a +0
                  | buckler
 44003 | Depths:3 | the +6 quick blade of Eternal Night {flame, rF- Will+ Int+8
                  | Stlth+, rare} bursts into flame!
 44003 | Depths:3 | b - the +6 quick blade of Eternal Night (weapon) {flame,
                  | rF- Will+ Int+8 Stlth+, rare}
 44013 | Depths:3 | +0 storm dragon scales {rare}; a storm dragon corpse
 44106 | Depths:3 | a +2 quick blade of protection {rare}; a +0 robe; a +0
                  | buckler
 44116 | Depths:3 | the +6 quick blade of Eternal Night {flame, rF- Will+ Int+8
                  | Stlth+, rare} stops flaming.
 44116 | Depths:3 | w - a +9 antimagic quick blade (weapon) {rare}
 44129 | Depths:3 | the +6 quick blade of Eternal Night {flame, rF- Will+ Int+8
                  | Stlth+, rare} bursts into flame!
 44129 | Depths:3 | b - the +6 quick blade of Eternal Night (weapon) {flame,
                  | rF- Will+ Int+8 Stlth+, rare}
 44142 | Depths:3 | Noticed a juggernaut
 44147 | Depths:3 | Killed a juggernaut
 44150 | Depths:3 | Got the Vellum of Energy and the Legion
 44155 | Depths:3 | Identified the amulet "Xuphij" {Acrobat Rampage rC+ rN+}
 44168 | Depths:3 | Noticed a juggernaut
 44176 | Depths:3 | Killed a juggernaut
 44186 | Depths:3 | the +6 quick blade of Eternal Night {flame, rF- Will+ Int+8
                  | Stlth+, rare} stops flaming.
 44186 | Depths:3 | w - a +9 antimagic quick blade (weapon) {rare}
 44202 | Depths:3 | the +6 quick blade of Eternal Night {flame, rF- Will+ Int+8
                  | Stlth+, rare} bursts into flame!
 44202 | Depths:3 | b - the +6 quick blade of Eternal Night (weapon) {flame,
                  | rF- Will+ Int+8 Stlth+, rare}
 44208 | Depths:3 | Identified the +1 rapier of Articulation {drain, rPois
                  | Str+2 Dex+3}
 44213 | Depths:3 | Identified the +8 flail "Util" {pain, rCorr}
 44239 | Depths:3 | the +6 quick blade of Eternal Night {flame, rF- Will+ Int+8
                  | Stlth+, rare} stops flaming.
 44239 | Depths:3 | w - a +9 antimagic quick blade (weapon) {rare}
 44259 | Depths:3 | Identified the +3 long sword of Infinity {venom, Str+2}
 44269 | Depths:3 | the +6 quick blade of Eternal Night {flame, rF- Will+ Int+8
                  | Stlth+, rare} bursts into flame!
 44269 | Depths:3 | b - the +6 quick blade of Eternal Night (weapon) {flame,
                  | rF- Will+ Int+8 Stlth+, rare}
 44378 | Depths:3 | Reached skill level 16 in Armour
 44492 | Depths:4 | Entered Level 4 of the Depths
 44577 | Depths:4 | the +6 quick blade of Eternal Night {flame, rF- Will+ Int+8
                  | Stlth+, rare} stops flaming.
 44578 | Depths:4 | the +6 quick blade of Eternal Night {flame, rF- Will+ Int+8
                  | Stlth+, rare} bursts into flame!
 44578 | Depths:4 | b - the +6 quick blade of Eternal Night (weapon) {flame,
                  | rF- Will+ Int+8 Stlth+, rare}
 44580 | Depths:4 | the +6 quick blade of Eternal Night {flame, rF- Will+ Int+8
                  | Stlth+, rare} stops flaming.
 44735 | Depths:4 | Found a gate to the Realm of Zot.
 44769 | Depths:4 | Reached skill level 19 in Fighting
 44776 | Depths:4 | the +6 quick blade of Eternal Night {flame, rF- Will+ Int+8
                  | Stlth+, rare} bursts into flame!
 44776 | Depths:4 | b - the +6 quick blade of Eternal Night (weapon) {flame,
                  | rF- Will+ Int+8 Stlth+, rare}
 44806 | Depths:4 | Found Bunon's Elemental Accessories.
 44987 | Depths:4 | Noticed the Enchantress
 44987 | Depths:4 | The Enchantress is wielding a +1 lajatang of electrocution
                  | and wearing the +5 faerie dragon scales {rPois rC+ rN+
                  | Regen+ rCorr MP+10}. A spriggan defender is wielding a +4
                  | demon whip of flaming. A spriggan berserker is wielding a
                  | +1 antimagic flail.
 44989 | Depths:4 | the +6 quick blade of Eternal Night {flame, rF- Will+ Int+8
                  | Stlth+, rare} stops flaming.
 45002 | Depths:4 | Killed the Enchantress
 45026 | Depths:4 | You pick up a book of Frost and begin reading...
 45277 | Depths:4 | Noticed Jory
 45278 | Depths:4 | w - a +9 antimagic quick blade (weapon) {rare}
 45319 | Depths:4 | Killed Jory
 45320 | Depths:4 | Reached XP level 25. HP: 145/145 MP: 14/40
 45324 | Depths:4 | You add the spells Mephitic Cloud and Conjure Ball
                  | Lightning to your library.
 45324 | Depths:4 | Got Sif Muna's Vellum of Geology and Gases
 45401 | Depths:4 | the +6 quick blade of Eternal Night {flame, rF- Will+ Int+8
                  | Stlth+, rare} bursts into flame!
 45401 | Depths:4 | b - the +6 quick blade of Eternal Night (weapon) {flame,
                  | rF- Will+ Int+8 Stlth+, rare}
 45457 | Depths:4 | the +6 quick blade of Eternal Night {flame, rF- Will+ Int+8
                  | Stlth+, rare} stops flaming.
 45457 | Depths:4 | w - a +9 antimagic quick blade (weapon) {rare}
 45458 | Depths:4 | Noticed a dread lich
 45459 | Depths:4 | Noticed a caustic shrike
 45493 | Depths:4 | Killed a dread lich
 45502 | Depths:4 | the +6 quick blade of Eternal Night {flame, rF- Will+ Int+8
                  | Stlth+, rare} bursts into flame!
 45502 | Depths:4 | b - the +6 quick blade of Eternal Night (weapon) {flame,
                  | rF- Will+ Int+8 Stlth+, rare}
 45541 | Depths:4 | Killed a caustic shrike
 45762 | Depths:4 | Reached skill level 17 in Armour
 46114 | Slime:1  | Entered Level 1 of the Pits of Slime
 46259 | Slime:5  | Entered Level 5 of the Pits of Slime
 46278 | Slime:5  | Found a viscous altar of Jiyva.
 46278 | Slime:5  | Noticed the Royal Jelly
 46278 | Slime:5  | Found the +12 glaive of Prune {freeze, Prune}
 46282 | Slime:5  | Found the +2 pair of slick slippers {slick, slippery, EV+5}
 46285 | Slime:5  | Killed the Royal Jelly
 46330 | Slime:5  | You pick up a book of Sloth and begin reading...
 46436 | Slime:5  | Got a slimy rune of Zot
 46805 | Zot:1    | Entered Level 1 of the Realm of Zot
 46807 | Zot:1    | Reached skill level 7 in Shields
 46816 | Zot:1    | Noticed an electric golem
 46817 | Zot:1    | the +6 quick blade of Eternal Night {flame, rF- Will+ Int+8
                  | Stlth+, rare} stops flaming.
 46830 | Zot:1    | the +6 quick blade of Eternal Night {flame, rF- Will+ Int+8
                  | Stlth+, rare} bursts into flame!
 46830 | Zot:1    | b - the +6 quick blade of Eternal Night (weapon) {flame,
                  | rF- Will+ Int+8 Stlth+, rare}
 46847 | Zot:1    | HP: 28/147 [storm dragon/bolt of lightning (11)]
 47010 | Zot:1    | the +6 quick blade of Eternal Night {flame, rF- Will+ Int+8
                  | Stlth+, rare} stops flaming.
 47018 | Zot:1    | Reached skill level 20 in Fighting
 47027 | Zot:1    | the +6 quick blade of Eternal Night {flame, rF- Will+ Int+8
                  | Stlth+, rare} bursts into flame!
 47027 | Zot:1    | b - the +6 quick blade of Eternal Night (weapon) {flame,
                  | rF- Will+ Int+8 Stlth+, rare}
 47030 | Zot:1    | Killed an electric golem
 47123 | Zot:2    | Noticed a curse toe
 47151 | Zot:2    | Reached skill level 8 in Shields
 47156 | Zot:2    | Noticed an orb of fire
 47160 | Zot:2    | the +6 quick blade of Eternal Night {flame, rF- Will+ Int+8
                  | Stlth+, rare} stops flaming.
 47160 | Zot:2    | w - a +9 antimagic quick blade (weapon) {rare}
 47166 | Zot:2    | Killed an orb of fire
 47197 | Zot:2    | Reached skill level 9 in Shields
 47242 | Zot:2    | Acquired the +2 cloak of the Game of Life {+Inv rC+ Will+}
 47339 | Zot:3    | Identified +0 gold dragon scales
 47412 | Zot:3    | +0 shadow dragon scales {rare}; a shadow dragon corpse
 47432 | Zot:4    | Reached skill level 10 in Shields
 47439 | Zot:4    | the +6 quick blade of Eternal Night {flame, rF- Will+ Int+8
                  | Stlth+, rare} bursts into flame!
 47439 | Zot:4    | b - the +6 quick blade of Eternal Night (weapon) {flame,
                  | rF- Will+ Int+8 Stlth+, rare}
 47543 | Zot:4    | You pick up a book of Geomancy and begin reading...
 47543 | Zot:4    | You add the spells Sandblast and Stone Arrow to your
                  | library.
 47566 | Zot:5    | Entered Level 5 of the Realm of Zot
 47769 | Zot:5    | the +6 quick blade of Eternal Night {flame, rF- Will+ Int+8
                  | Stlth+, rare} stops flaming.
 47777 | Zot:5    | the +6 quick blade of Eternal Night {flame, rF- Will+ Int+8
                  | Stlth+, rare} bursts into flame!
 47777 | Zot:5    | b - the +6 quick blade of Eternal Night (weapon) {flame,
                  | rF- Will+ Int+8 Stlth+, rare}
 47794 | Zot:5    | the +6 quick blade of Eternal Night {flame, rF- Will+ Int+8
                  | Stlth+, rare} stops flaming.
 47797 | Zot:5    | w - a +9 antimagic quick blade (weapon) {rare}
 47832 | Zot:5    | Reached skill level 11 in Shields
 47915 | Zot:5    | Noticed an ancient lich
 47929 | Zot:5    | Killed an ancient lich
 47932 | Zot:5    | Reached skill level 12 in Shields
 47971 | Zot:5    | Reached XP level 26. HP: 152/152 MP: 40/40
 47990 | Zot:5    | w - a +9 antimagic quick blade (weapon) {rare}
 48001 | Zot:5    | the +6 quick blade of Eternal Night {flame, rF- Will+ Int+8
                  | Stlth+, rare} bursts into flame!
 48001 | Zot:5    | b - the +6 quick blade of Eternal Night (weapon) {flame,
                  | rF- Will+ Int+8 Stlth+, rare}
 48026 | Zot:5    | Identified +0 gold dragon scales
 48031 | Zot:5    | Noticed a Killer Klown
 48036 | Zot:5    | the +6 quick blade of Eternal Night {flame, rF- Will+ Int+8
                  | Stlth+, rare} stops flaming.
 48036 | Zot:5    | w - a +9 antimagic quick blade (weapon) {rare}
 48062 | Zot:5    | Killed a Killer Klown
 48118 | Zot:5    | Noticed an ancient lich
 48149 | Zot:5    | Killed an ancient lich
 48154 | Zot:5    | the +6 quick blade of Eternal Night {flame, rF- Will+ Int+8
                  | Stlth+, rare} bursts into flame!
 48154 | Zot:5    | b - the +6 quick blade of Eternal Night (weapon) {flame,
                  | rF- Will+ Int+8 Stlth+, rare}
 48156 | Zot:5    | the +6 quick blade of Eternal Night {flame, rF- Will+ Int+8
                  | Stlth+, rare} stops flaming.
 48156 | Zot:5    | w - a +9 antimagic quick blade (weapon) {rare}
 48171 | Zot:5    | Noticed an orb of fire
 48199 | Zot:5    | Killed an orb of fire
 48201 | Zot:5    | Noticed an electric golem
 48229 | Zot:5    | Killed an electric golem
 48266 | Zot:5    | Reached skill level 21 in Fighting
 48311 | Zot:5    | Got the Orb of Zot
 48382 | Zot:5    | Noticed Vopsaz the pandemonium lord
 48516 | Depths:4 | Gained mutation: Armour fits poorly on your strangely
                  | shaped body. [a cacodemon]
 48717 | D:9      | the +6 quick blade of Eternal Night {flame, rF- Will+ Int+8
                  | Stlth+, rare} bursts into flame!
 48717 | D:9      | b - the +6 quick blade of Eternal Night (weapon) {flame,
                  | rF- Will+ Int+8 Stlth+, rare}
 48752 | D:8      | Identified +0 pearl dragon scales
 48752 | D:8      | Noticed a seraph
 48871 | D:$      | Escaped with the Orb!

Vanquished Creatures
  the Royal Jelly (Slime:5)
  2 dread liches
  2 ancient liches (Zot:5)
  2 orbs of fire
  2 juggernauts (Depths:3)
  Mara (Snake:3)
  Mennas (Vaults:3)
  Josephina (Depths:3)
  A Killer Klown (Zot:5)
  Saint Roka (Vaults:1)
  4 caustic shrikes
  Vashnia (Snake:2)
  8 golden dragons
  the Enchantress (Depths:4)
  Jory (Depths:4)
  2 electric golems
  2 hellephants (Vaults:4)
  A Tzitzimitl (Zot:3)
  15 tentacled monstrosities
  Rupert (D:14)
  3 liches
  Mlioglotl (Snake:4)
  2 quicksilver dragons
  A walking frostbound tome (Depths:3)
  5 titans (Vaults:5)
  2 walking crystal tomes (Depths:3)
  23 Orb Guardians
  3 deep elf blademasters
  2 deep elf master archers (Elf:3)
  6 death cobs
  7 sphinxes
  8 acid blobs (Slime:5)
  8 storm dragons
  Roxanne (Shoals:3)
  9 shadow dragons
  10 nagarajas
  9 tengu reavers
  A draconian monk (Zot:2)
  Ilsuiw (Shoals:3)
  5 fire giants
  7 azure jellies
  A rockslime (Slime:5)
  2 draconian knights
  6 deep elf sorcerers (Elf:3)
  8 frost giants
  Aizul (Snake:1)
  7 deep elf elementalists
  2 iron dragons
  7 draconian scorchers
  10 vault wardens
  Louise (Snake:1)
  A draconian shifter (Zot:1)
  8 spriggan defenders
  A draconian stormcaller (Zot:1)
  2 cacodemons
  3 orc warlords
  9 ironbound preservers
  19 very ugly things
  The ghost of Idogg the Bludgeoner, a journeyman GrFi of Okawaru (D:14)
  8 quicksilver oozes
  A war gargoyle (Vaults:3)
  22 stone giants
  2 ironbound thunderhulks
  Azrael (Snake:3)
  4 vampire knights
  9 deep elf annihilators
  6 deep elf demonologists (Elf:3)
  A lorocyproca (Depths:2)
  A minotaur (Gauntlet)
  5 black draconians
  8 red draconians
  A dire elephant (Vaults:3)
  5 green draconians
  10 yellow draconians
  3 purple draconians
  7 white draconians
  8 spark wasps
  The ghost of NinjaNoafa the Blocker, a journeyman MeEE of Kikubaaqudgha (Lair:4)
  7 deep elf death magi
  A crystal guardian (Vaults:3)
  11 ettins
  6 merfolk javelineers
  10 fire dragons
  8 yaktaur captains
  12 merfolk impalers
  11 great orbs of eyes
  A hell beast (D:12)
  33 vault guards
  6 deep elf high priests
  9 ice dragons
  A salamander tyrant (Snake:3)
  8 spriggan air magi
  A peacekeeper (Vaults:3)
  An ogre mage (Vaults:5)
  A death knight (D:15)
  7 hydras
  A juggernaut simulacrum (Depths:3)
  3 two-headed ogres
  10 ironbound frosthearts
  5 merfolk aquamancers
  5 merfolk avatars
  A two-headed ogre (shapeshifter) (Vaults:5)
  9 centaur warriors
  8 boulder beetles
  14 anacondas
  3 catoblepae (Lair:5)
  25 dancing weapons
  8 deep troll shamans
  6 death yaks (Lair:5)
  11 naga warriors
  4 deep troll earth magi
  8 tengu warriors
  7 orc high priests (Orc:2)
  13 spriggan berserkers
  A shock serpent (shapeshifter) (Vaults:5)
  A titan zombie (Depths:1)
  2 vampire magi
  23 naga sharpshooters
  9 shock serpents
  Sonja (Orc:1)
  18 deep elf knights
  A sun demon (Depths:2)
  21 hell knights
  7 iron trolls
  3 salamander mystics
  4 skeletal warriors (D:15)
  An orb spider (shapeshifter) (Depths:2)
  2 flayed ghosts (Depths:3)
  A glowing orange brain (Depths:4)
  10 naga ritualists
  A deep troll (shapeshifter) (Depths:4)
  36 deep trolls
  A golden dragon zombie (Depths:2)
  5 wizards
  23 sea snakes
  9 orc knights
  A shadow dragon zombie (Depths:2)
  7 necromancers
  13 deep elf archers
  5 lindwurms
  5 phantasmal warriors
  10 ironbound convokers
  Pikel (D:4)
  24 deep elf zephyrmancers
  16 mana vipers
  8 harpies
  30 ugly things
  31 deep elf pyromancers
  An orc sorcerer (Elf:1)
  8 moths of wrath
  12 salamanders
  4 fauns
  15 manticores
  11 elephants
  8 guardian serpents
  A black mamba (shapeshifter) (Vaults:5)
  Joseph (D:7)
  An eye of devastation (shapeshifter) (D:14)
  3 eyes of devastation
  2 rust devils (Depths:2)
  21 vault sentinels
  43 black mambas
  8 cyclopes
  21 naga magi
  7 water nymphs
  5 merfolk sirens
  A titan simulacrum (Depths:2)
  A smoke demon (Depths:2)
  A torpor snail (Lair:4)
  8 cane toads
  9 komodo dragons
  An ice statue (IceCv)
  3 rime drakes
  A gargoyle (D:12)
  14 yaktaurs
  2 spark wasp simulacra (Depths:3)
  12 ice devils
  2 anaconda simulacra (IceCv)
  7 freezing wraiths
  8 tengu conjurers
  A queen bee (Lair:2)
  4 trolls
  A golden dragon simulacrum (Depths:2)
  3 meliai (Depths:3)
  A polar bear (shapeshifter) (Depths:3)
  3 wind drakes
  A spriggan zombie (Depths:1)
  2 polar bears
  25 merfolk
  A sphinx simulacrum (Depths:3)
  7 hornets
  21 dream sheep
  11 snapping turtles
  7 blink frogs
  A fire giant simulacrum (Depths:1)
  3 air elementals
  3 flying skulls (Gauntlet)
  51 slime creatures
  9 spriggans
  3 shadows
  6 wyverns
  5 vampires
  A hog (shapeshifter) (Depths:3)
  4 dire elephant simulacra (IceCv)
  A slime creature (shapeshifter) (Vaults:5)
  2 centaur simulacra (D:15)
  46 yaks
  7 fire elementals
  25 water elementals
  2 wraiths
  3 fire bats (Lair:2)
  6 basilisks
  8 golden eyes
  5 steam dragons
  6 death yak simulacra (IceCv)
  4 swamp worms (Lair:4)
  A swamp worm (shapeshifter) (Depths:3)
  A glowing shapeshifter zombie (Depths:1)
  A harpy simulacrum (IceCv)
  20 water moccasins
  9 wargs
  54 nagas
  A hydra simulacrum (IceCv)
  An acid dragon (D:8)
  A floating eye (Depths:2)
  3 hell hounds (Snake:3)
  22 orc warriors
  A black bear (shapeshifter) (D:14)
  2 ice beasts
  A sky beast (D:7)
  6 ogres
  4 black bears
  25 wolves
  18 centaurs
  3 phantoms
  A gnoll sergeant (D:10)
  A kobold brigand (D:8)
  10 bullfrogs
  8 earth elementals
  A necrophage (D:7)
  6 cane toad simulacra (IceCv)
  4 scorpions
  3 wights (D:9)
  53 killer bees
  A troll zombie (D:10)
  An elephant simulacrum (IceCv)
  2 howler monkeys
  4 electric eels
  3 hounds
  3 jellies
  A gnoll bouda (D:8)
  33 orc priests
  7 orc wizards
  Natasha (twice) (D:3)
  2 troll simulacra (IceCv)
  3 spriggan simulacra (IceCv)
  3 polar bear simulacra (IceCv)
  4 wolf simulacra (IceCv)
  7 ogre zombies (D:10)
  Robin (D:3)
  20 gnolls
  6 adders
  3 white imps
  An ufetubus (IceCv)
  2 worms
  2 dart slugs (D:5)
  66 orcs
  3 ball pythons
  9 endoplasms
  4 giant cockroaches (D:1)
  15 goblins
  9 hobgoblins
  6 jackals
  2 quokkas
  5 bats
  3 frilled lizards
  A goblin skeleton (D:10)
  A goblin zombie (D:10)
  4 hobgoblin skeletons (D:10)
  4 hobgoblin zombies (D:10)
  11 kobolds
  An orc skeleton (D:10)
  14 orc zombies (D:10)
  3 rats
  6 briar patches (Lair:4)
2032 creatures vanquished.

Vanquished Creatures (others)
  A golden dragon (Vaults:5)
  A deep elf knight (Elf:2)
  A spark wasp simulacrum (Depths:3)
  4 briar patches (Lair:4)
  27 fungi
  78 plants
  2 starspawn tentacles (Snake:4)
  25 withered plants
139 creatures vanquished.

Grand Total: 2171 creatures vanquished

Table legend:
 A = Non-vault XP
 B = Vault XP
 C = Vault XP percentage of total XP
 D = Non-vault monster count
 E = Vault monster count
 F = Vault count percentage of total count
                 A         B        C        D         E       F
            +---------+---------+-------+---------+---------+-------
      Total |  537205 |  624400 |  53.8 |    1133 |     868 |  43.4
            +---------+---------+-------+---------+---------+-------
        D:1 |      27 |       0 |   0.0 |      17 |       0 |   0.0
        D:2 |      81 |       8 |   9.0 |      19 |       4 |  17.4
        D:3 |     257 |      71 |  21.6 |      22 |      12 |  35.3
        D:4 |     438 |     629 |  59.0 |      17 |       1 |   5.6
        D:5 |     509 |       0 |   0.0 |      15 |       0 |   0.0
        D:6 |     961 |       0 |   0.0 |      14 |       0 |   0.0
        D:7 |    1063 |     598 |  36.0 |      12 |       3 |  20.0
        D:8 |     723 |       0 |   0.0 |      26 |       0 |   0.0
        D:9 |    3906 |    1429 |  26.8 |      23 |      11 |  32.4
       D:10 |    1102 |    2001 |  64.5 |      16 |      48 |  75.0
       D:11 |    3134 |     358 |  10.3 |      10 |       4 |  28.6
       D:12 |    3776 |       0 |   0.0 |      12 |       0 |   0.0
       D:13 |    4335 |       0 |   0.0 |      15 |       0 |   0.0
       D:14 |    9503 |    5780 |  37.8 |      20 |       7 |  25.9
       D:15 |   11884 |    1788 |  13.1 |      24 |       2 |   7.7
     Lair:1 |    4581 |     551 |  10.7 |      25 |       2 |   7.4
     Lair:2 |    3511 |    6068 |  63.3 |      19 |      48 |  71.6
     Lair:3 |    7165 |    1681 |  19.0 |      24 |       9 |  27.3
     Lair:4 |    9111 |    1635 |  15.2 |      22 |       5 |  18.5
     Lair:5 |   10574 |   10806 |  50.5 |      33 |      23 |  41.1
   Shoals:1 |    9876 |    2195 |  18.2 |      19 |       6 |  24.0
   Shoals:2 |   13698 |       0 |   0.0 |      27 |       0 |   0.0
   Shoals:3 |    7193 |    4351 |  37.7 |      19 |       5 |  20.8
   Shoals:4 |    9587 |   21695 |  69.4 |      21 |      32 |  60.4
    Snake:1 |   17487 |   10563 |  37.7 |      36 |      15 |  29.4
    Snake:2 |   21218 |    6888 |  24.5 |      40 |       7 |  14.9
    Snake:3 |   27523 |    6232 |  18.5 |      48 |       8 |  14.3
    Snake:4 |   25502 |   29905 |  54.0 |      55 |      43 |  43.9
    Slime:1 |    2219 |       0 |   0.0 |       3 |       0 |   0.0
    Slime:2 |     884 |       0 |   0.0 |       1 |       0 |   0.0
    Slime:4 |    4899 |       0 |   0.0 |      14 |       0 |   0.0
    Slime:5 |       0 |   15703 | 100.0 |       0 |      16 | 100.0
      Orc:1 |    3395 |     785 |  18.8 |      31 |       2 |   6.1
      Orc:2 |    2617 |    7260 |  73.5 |      30 |      49 |  62.0
      Elf:1 |   14438 |    7318 |  33.6 |      26 |      12 |  31.6
      Elf:2 |   19778 |   21175 |  51.7 |      35 |      27 |  43.5
      Elf:3 |   19203 |   38712 |  66.8 |      29 |      39 |  57.4
   Vaults:1 |   25753 |   24229 |  48.5 |      37 |      36 |  49.3
   Vaults:2 |   19868 |   11627 |  36.9 |      25 |      17 |  40.5
   Vaults:3 |   12822 |   21247 |  62.4 |      23 |      23 |  50.0
   Vaults:4 |   10947 |   25869 |  70.3 |      18 |      31 |  63.3
   Vaults:5 |   13865 |   98108 |  87.6 |      18 |      86 |  82.7
   Depths:1 |   13907 |    9911 |  41.6 |      20 |      14 |  41.2
   Depths:2 |   13952 |   37512 |  72.9 |      18 |      34 |  65.4
   Depths:3 |   28987 |   73097 |  71.6 |      44 |      62 |  58.5
   Depths:4 |   34578 |   41982 |  54.8 |      43 |      34 |  44.2
      Zot:1 |   12962 |    1423 |   9.9 |      12 |       1 |   7.7
      Zot:2 |   22604 |       0 |   0.0 |      15 |       0 |   0.0
      Zot:3 |    4486 |       0 |   0.0 |       3 |       0 |   0.0
      Zot:4 |   11189 |    1360 |  10.8 |      10 |       1 |   9.1
      Zot:5 |   35127 |   57990 |  62.3 |      28 |      28 |  50.0
      IceCv |       0 |   10037 | 100.0 |       0 |      51 | 100.0
   Gauntlet |       0 |    3823 | 100.0 |       0 |      10 | 100.0
            +---------+---------+-------+---------+---------+-------

Illustrated notes

Table legend:
 A = Kills in this place as a percentage of kills in entire the game.
 B = Kills by you in this place as a percentage of kills by you in the entire game.
 C = Kills by friends in this place as a percentage of kills by friends in the entire game.
 D = Other kills in this place as a percentage of other kills in the entire game.
 E = Experience gained in this place as a percentage of experience gained in the entire game.
 F = Experience gained in this place divided by the number of levels of this place that you have seen.
                   A       B       C       D       E      F
               +-------+-------+-------+-------+-------+----------------------
         Total | 100.0 | 100.0 |   N/A | 100.0 | 100.0 | 20862.4
       Dungeon |  17.8 |  17.8 |   N/A |   0.0 |   4.9 | 3826.9
          Lair |  10.5 |  10.5 |   N/A |   0.0 |   4.8 | 11136.6
        Shoals |   6.4 |   6.4 |   N/A |   0.0 |   5.9 | 17148.8
     Snake Pit |  12.5 |  12.6 |   N/A |   0.0 |  12.4 | 36329.5
    Slime Pits |   1.7 |   1.7 |   N/A |   0.0 |   2.0 | 4741.0
  Orcish Mines |   5.6 |   5.6 |   N/A |   0.0 |   1.2 | 7028.5
   Elven Halls |   8.4 |   8.3 |   N/A |  33.3 |  10.3 | 40208.0
        Vaults |  15.6 |  15.6 |   N/A |  33.3 |  22.6 | 52867.0
        Depths |  13.4 |  13.4 |   N/A |  33.3 |  21.8 | 63762.5
           Zot |   5.1 |   5.1 |   N/A |   0.0 |  12.8 | 29932.6
      Ice Cave |   2.5 |   2.5 |   N/A |   0.0 |   0.9 | 10037.0
      Gauntlet |   0.5 |   0.5 |   N/A |   0.0 |   0.3 | 3823.0
               +-------+-------+-------+-------+-------+----------------------

Table legend: (Time is in decaauts)
 A = Elapsed time spent in this place.
 B = Non-inter-level travel time spent in this place.
 C = Inter-level travel time spent in this place.
 D = Time resting spent in this place.
 E = Time spent auto-exploring this place.
 F = Levels seen in this place.
 G = Mean time per level.
                   A        B        C        D        E       F      G
               +--------+--------+--------+--------+--------+-----+--------+
         Total |  44776 |  39735 |   5041 |   1990 |  22424 |  56 |  799.6 |
       Dungeon |  13976 |  11659 |   2317 |    172 |   9018 |  15 |  931.7 |
        Temple |     24 |     13 |     11 |      0 |      2 |   1 |   24.0 |
          Lair |   5522 |   4805 |    717 |    135 |   3507 |   5 | 1104.4 |
        Shoals |   2381 |   2247 |    134 |     79 |    600 |   4 |  595.2 |
     Snake Pit |   3961 |   3642 |    319 |    399 |   2137 |   4 |  990.2 |
    Slime Pits |    370 |    335 |     35 |      0 |      0 |   5 |   74.0 |
  Orcish Mines |   1780 |   1536 |    244 |    202 |    924 |   2 |  890.0 |
   Elven Halls |   2781 |   2577 |    204 |     29 |   1180 |   3 |  927.0 |
        Vaults |   5849 |   5465 |    384 |    317 |   3092 |   5 | 1169.8 |
        Depths |   5375 |   4724 |    651 |    330 |   1765 |   4 | 1343.8 |
           Zot |   1211 |   1191 |     20 |     76 |      0 |   5 |  242.2 |
        Bazaar |     51 |     51 |      0 |      0 |      0 |   1 |   51.0 |
      Ice Cave |    662 |    662 |      0 |    144 |    199 |   1 |  662.0 |
      Gauntlet |    828 |    828 |      0 |    102 |      0 |   1 |  828.0 |
               +--------+--------+--------+--------+--------+-----+--------+

Top non-repeatable levels by time:
Depths:3: 1836 daAuts
Depths:4: 1417 daAuts
Vaults:2: 1332 daAuts
Vaults:4: 1330 daAuts
  Lair:3: 1295 daAuts
     D:3: 1275 daAuts
     D:2: 1271 daAuts
Depths:2: 1258 daAuts
   Elf:3: 1249 daAuts
 Snake:4: 1207 daAuts
  Lair:5: 1204 daAuts
     D:7: 1152 daAuts
  Lair:4: 1145 daAuts
  Lair:2: 1135 daAuts
Vaults:1: 1134 daAuts
